Workbook

Sheet Model
B2: Key Assumptions
B4: Revenue Growth | C4: =K7 -> 0.043484601 | E4: More likely to be less than 20%, and with CPO prices undergoing pressure in the future, revenue growth is more likely ot be subdued. Assume CAGR average of competitors
C6: ='Competitor Analysis'!C15 -> KLK | D6: ='Competitor Analysis'!D15 -> AAL | E6: ='Competitor Analysis'!E15 -> B. Agri | F6: ='Competitor Analysis'!F15 -> FGV | G6: ='Competitor Analysis'!G15 -> F. Res | H6: ='Competitor Analysis'!H15 -> Genting | I6: ='Competitor Analysis'!I15 -> GAR | J6: ='Competitor Analysis'!J15 -> IOI | K6: Average
B7: Revenue CAGR | C7: ='Competitor Analysis'!C60 -> 0.047059413 | D7: ='Competitor Analysis'!D60 -> 0.051209369 | E7: ='Competitor Analysis'!E60 -> 0.099799544 | F7: ='Competitor Analysis'!F60 -> 0.075501651 | G7: ='Competitor Analysis'!G60 -> 0.01309216 | H7: ='Competitor Analysis'!H60 -> 0.04670587 | I7: ='Competitor Analysis'!I60 -> 0.07113372 | J7: ='Competitor Analysis'!J60 -> -0.053050109 | K7: =AVERAGE(D7:J7) -> 0.043484601
B10: EBITDA Margin | C10: =K13 -> 0.24048439 | E10: Margins match peers in 4 years time
C12: KLK | D12: AAL | E12: B. Agri | F12: FGV | G12: F. Res | H12: Genting | I12: GAR | J12: IOI | K12: Average | M12: CAGR
B13: EBITDA Margin | C13: ='Competitor Analysis'!C18 -> 0.10577972 | D13: ='Competitor Analysis'!D18 -> 0.25958834 | E13: ='Competitor Analysis'!E18 -> 0.30359356 | F13: ='Competitor Analysis'!F18 -> 0.06090134 | G13: ='Competitor Analysis'!G18 -> 0.43212843 | H13: ='Competitor Analysis'!H18 -> 0.38716216 | I13: ='Competitor Analysis'!I18 -> 0.072540942 | J13: ='Competitor Analysis'!J18 -> 0.16747593 | K13: =AVERAGE(D13:J13) -> 0.24048439 | M13: =(C10/C13)^(1/4) - 1 -> 0.22792297
C15: 2012 | D15: =C15+1 -> 2013 | E15: =D15+1 -> 2014 | F15: =E15+1 -> 2015 | G15: =F15+1 -> 2016 | M15: CAGR
B16: EBITDA Margin | C16: =Financials!C126 -> 0.16419986 | D16: =Financials!D126 -> 0.15819394 | E16: =Financials!E126 -> 0.16307278 | F16: =Financials!F126 -> 0.11941392 | G16: =Financials!G126 -> 0.10577972 | M16: =(C16/G16)^(1/4) - 1 -> 0.11620149
B20: CAPEX Schedule | C20: 2012 | D20: =C20+1 -> 2013 | E20: =D20+1 -> 2014 | F20: =E20+1 -> 2015 | G20: =F20+1 -> 2016 | H20: =G20+1 -> 2017 | I20: =H20+1 -> 2018 | J20: =I20+1 -> 2019 | K20: =J20+1 -> 2020 | L20: =K20+1 -> 2021
B21: CAPEX | C21: =-Financials!C102 -> 853 | D21: =-Financials!D102 -> 987 | E21: =-Financials!E102 -> 984 | F21: =-Financials!F102 -> 938 | G21: =-Financials!G102 -> 1789 | H21: =G22*H23 -> 1419.8666 | I21: =H22*I23 -> 1582.4173 | J21: =I22*J23 -> 1763.5774 | K21: =J22*K23 -> 1965.4773 | L21: =K22*L23 -> 2190.4913
B22: PPE | C22: =Financials!C42 -> 5280 | D22: =Financials!D42 -> 5854 | E22: =Financials!E42 -> 6519 | F22: =Financials!F42 -> 7436 | G22: =Financials!G42 -> 8745 | H22: =G22-H27+H21 -> 9746.1549 | I22: =H22-I27+I21 -> 10861.925 | J22: =I22-J27+J21 -> 12105.432 | K22: =J22-K27+K21 -> 13491.3 | L22: =K22-L27+L21 -> 15035.826
B23: % CAPEX to PPE | C23: =C21/C22 -> 0.16155303 | D23: =D21/D22 -> 0.16860266 | E23: =E21/E22 -> 0.1509434 | F23: =F21/F22 -> 0.12614309 | G23: =G21/G22 -> 0.20457404 | H23: =C25 -> 0.16236324 | I23: =H23 -> 0.16236324 | J23: =I23 -> 0.16236324 | K23: =J23 -> 0.16236324 | L23: =K23 -> 0.16236324
B25: Average | C25: =AVERAGE(C23:G23) -> 0.16236324
B27: Depreciation | C27: =-Financials!C16 -> 216 | D27: =-Financials!D16 -> 279 | E27: =-Financials!E16 -> 327 | F27: =-Financials!F16 -> 377 | G27: =-Financials!G16 -> 437 | H27: =G22*H28 -> 418.71163 | I27: =H22*I28 -> 466.64705 | J27: =I22*J28 -> 520.07026 | K27: =J22*K28 -> 579.60953 | L27: =K22*L28 -> 645.96505
B28: % to PPE | C28: =C27/C22 -> 0.040909091 | D28: =D27/D22 -> 0.04765972 | E28: =E27/E22 -> 0.050161068 | F28: =F27/F22 -> 0.050699301 | G28: =G27/G22 -> 0.049971412 | H28: =C30 -> 0.047880118 | I28: =H28 -> 0.047880118 | J28: =I28 -> 0.047880118 | K28: =J28 -> 0.047880118 | L28: =K28 -> 0.047880118
B30: Average | C30: =AVERAGE(C28:G28) -> 0.047880118
B32: Sanity Check
B33: % GR
B34: CAPEX | D34: =D21/C21 - 1 -> 0.15709261 | E34: =E21/D21 - 1 -> -0.0030395137 | F34: =F21/E21 - 1 -> -0.046747967 | G34: =G21/F21 - 1 -> 0.90724947 | H34: =H21/G21 - 1 -> -0.20633506 | I34: =I21/H21 - 1 -> 0.11448313 | J34: =J21/I21 - 1 -> 0.11448313 | K34: =K21/J21 - 1 -> 0.11448313 | L34: =L21/K21 - 1 -> 0.11448313
B35: PPE | D35: =D22/C22 - 1 -> 0.10871212 | E35: =E22/D22 - 1 -> 0.11359754 | F35: =F22/E22 - 1 -> 0.14066575 | G35: =G22/F22 - 1 -> 0.1760355 | H35: =H22/G22 - 1 -> 0.11448313 | I35: =I22/H22 - 1 -> 0.11448313 | J35: =J22/I22 - 1 -> 0.11448313 | K35: =K22/J22 - 1 -> 0.11448313 | L35: =L22/K22 - 1 -> 0.11448313
B38: Net Working Capital | D38: This seems too high, looking at the valuation
C39: 2012 | D39: =C39+1 -> 2013 | E39: =D39+1 -> 2014 | F39: =E39+1 -> 2015 | G39: =F39+1 -> 2016 | H39: =G39+1 -> 2017 | I39: =H39+1 -> 2018 | J39: =I39+1 -> 2019 | K39: =J39+1 -> 2020 | L39: =K39+1 -> 2021
B40: Net Receivables | C40: =Financials!C35 -> 814 | D40: =Financials!D35 -> 867 | E40: =Financials!E35 -> 1002 | F40: =Financials!F35 -> 1711 | G40: =Financials!G35 -> 1470
B41: Other Receivables | C41: =Financials!C36 -> 275 | D41: =Financials!D36 -> 337 | E41: =Financials!E36 -> 511 | F41: =Financials!F36 -> 529 | G41: =Financials!G36 -> 637
B42: Inventories | C42: =Financials!C37 -> 1239 | D42: =Financials!D37 -> 1121 | E42: =Financials!E37 -> 1523 | F42: =Financials!F37 -> 1706 | G42: =Financials!G37 -> 2025
B43: Payables | C43: =Financials!C56 -> 350 | D43: =Financials!D56 -> 363 | E43: =Financials!E56 -> 393 | F43: =Financials!F56 -> 714 | G43: =Financials!G56 -> 644
B45: NWC | C45: =-C40-C41-C42+C43 -> -1978 | D45: =-D40-D41-D42+D43 -> -1962 | E45: =-E40-E41-E42+E43 -> -2643 | F45: =-F40-F41-F42+F43 -> -3232 | G45: =-G40-G41-G42+G43 -> -3488
B47: Average | C47: =AVERAGE(C45:G45) -> -2660.6
B48: Min | C48: =MAX(C45:G45) -> -1962
B49: Max | C49: =MIN(C45:G45) -> -3488
B52: WACC
B54: Cost of Equity | C54: =C55+C56 -> 0.11271 | E54: Tax Rate | F54: 0.24 | H54: Terminal Growth | J54: 0.03
B55: MGS 10-year | C55: 0.03871 | E55: D/D+E | F55: =Financials!G192 -> 0.30294942
B56: ERP (Damodaran) | C56: 0.074
B58: Cost of Debt | C58: =Debt!F29 -> 0.041413392 | E58: WACC | F58: =C54*(1-F55) + C58*(1-F54)*F55 -> 0.088099655
B62: Model | C62: 2016 | D62: 2017 | E62: 2018 | F62: 2019 | G62: 2020 | H62: 2021
B64: Revenue | C64: =Financials!G7 -> 16506 | D64: =C64*(1+D65) -> 17223.757 | E64: =D64*(1+E65) -> 17972.725 | F64: =E64*(1+F65) -> 18754.262 | G64: =F64*(1+G65) -> 19569.783 | H64: =G64*(1+H65) -> 20420.768
B65: % Growth | D65: =C4 -> 0.043484601 | E65: =D65 -> 0.043484601 | F65: =E65 -> 0.043484601 | G65: =F65 -> 0.043484601 | H65: =G65 -> 0.043484601
B66: EBITDA | C66: =Financials!G12 -> 1746 | D66: =D64*D67 -> 2237.1825 | E66: =E64*E67 -> 2895.8679 | F66: =F64*F67 -> 3710.5298 | G66: =G64*G67 -> 4754.3712 | H66: =H64*H67 -> 4961.1131
B67: EBITDA margin (%) | C67: =C66/C64 -> 0.10577972 | D67: =C67*(1+$M$13) -> 0.12988934 | E67: =D67*(1+$C$10) -> 0.1611257 | F67: =E67*(1+$M$13) -> 0.19784995 | G67: =F67*(1+$M$13) -> 0.2429445 | H67: =G67 -> 0.2429445
B68: Dep & Amor | C68: =-G27 -> -437 | D68: =-H27 -> -418.71163 | E68: =-I27 -> -466.64705 | F68: =-J27 -> -520.07026 | G68: =-K27 -> -579.60953 | H68: =-L27 -> -645.96505
B70: EBIT | C70: =C66+C68 -> 1309 | D70: =D66+D68 -> 1818.4708 | E70: =E66+E68 -> 2429.2209 | F70: =F66+F68 -> 3190.4595 | G70: =G66+G68 -> 4174.7617 | H70: =H66+H68 -> 4315.1481
B71: EBIT Margin (%) | C71: =C70/C64 -> 0.079304495 | D71: =D70/D64 -> 0.10557922 | E71: =E70/E64 -> 0.13516152 | F71: =F70/F64 -> 0.17011917 | G71: =G70/G64 -> 0.21332692 | H71: =H70/H64 -> 0.21131175
B73: Tax Expense | C73: =-C70*$F$54 -> -314.16 | D73: =-D70*$F$54 -> -436.433 | E73: =-E70*$F$54 -> -583.01301 | F73: =-F70*$F$54 -> -765.71028 | G73: =-G70*$F$54 -> -1001.9428 | H73: =-H70*$F$54 -> -1035.6355
B75: Unlevered Net Income | C75: =C70+C73 -> 994.84 | D75: =D70+D73 -> 1382.0378 | E75: =E70+E73 -> 1846.2079 | F75: =F70+F73 -> 2424.7492 | G75: =G70+G73 -> 3172.8189 | H75: =H70+H73 -> 3279.5125
B76: ( + ) Dep & Amor | C76: =-C68 -> 437 | D76: =-D68 -> 418.71163 | E76: =-E68 -> 466.64705 | F76: =-F68 -> 520.07026 | G76: =-G68 -> 579.60953 | H76: =-H68 -> 645.96505
B77: ( - ) NWC
B78: ( - ) CAPEX | C78: =-G21 -> -1789 | D78: =-H21 -> -1419.8666 | E78: =-I21 -> -1582.4173 | F78: =-J21 -> -1763.5774 | G78: =-K21 -> -1965.4773 | H78: =-L21 -> -2190.4913
B80: Unlevered FCF | C80: =C75+SUM(C76:C78) -> -357.16 | D80: =D75+SUM(D76:D78) -> 380.88289 | E80: =E75+SUM(E76:E78) -> 730.43759 | F80: =F75+SUM(F76:F78) -> 1181.2421 | G80: =G75+SUM(G76:G78) -> 1786.9511 | H80: =H75+SUM(H76:H78) -> 1734.9863
B81: Exit Valuation | H81: =H80/(F58-J54) -> 29862.248
B83: NPV of FCF | C83: =NPV(F58,D80:G80) -> 3158.6992
B84: Discount to Exit | C84: =1/(1+F58)^(H62-D62) -> 0.7133872
B85: Terminal Value | C85: =C84*H81 -> 21303.346
B87: Enterprise Value | C87: =C85+C83 -> 24462.045
B88: ( + ) 2016 Cash + ST Inv | C88: =Financials!O99 -> 2120
B89: ( - ) 2016 Total Debt | C89: =-Financials!G175 -> -4540
B90: Equity Value | C90: =SUM(C87:C89) -> 22042.045
B91: Shares Outstanding | C91: 1065
B92: Target Share Price | C92: =C90/C91 -> 20.696756
B93: Implied P/E | C93: =C92/C98 -> 17.233387
B95: Current Market Valuation
B96: Current Share Price | C96: 24.8
B97: P/E | C97: 20.65
B98: EPS | C98: =C96/C97 -> 1.2009685
B102: Sensitivity Analysis
B103: Revenue Growth | C103: EBITDA Margin
B104: =C92 -> 20.696756 | C104: 0.1 | D104: =C104+2% -> 0.12 | E104: =D104+2% -> 0.14 | F104: =E104+2% -> 0.16 | G104: =F104+2% -> 0.18 | H104: =G104+2% -> 0.2 | I104: =H104+2% -> 0.22 | J104: =I104+2% -> 0.24 | K104: =J104+2% -> 0.26 | ... N104: =M104+2% -> 0.32
B105: 0.03 | C105: -7.1987362 | D105: -3.6273476 | E105: -0.090106787 | F105: 3.4329197 | G105: 6.9554879 | H105: 10.487509 | I105: 14.036363 | J105: 17.607685 | K105: 21.205871 | L105: 24.834405 | M105: 28.496087 | N105: 32.193193
B106: =B105+0.5% -> 0.035 | C106: -6.6857155 | D106: -3.0311996 | E106: 0.58858416 | F106: 4.1939901 | G106: 7.7990659 | H106: 11.413934 | I106: 15.04613 | J106: 18.701413 | K106: 22.384271 | L106: 26.098261 | M106: 29.846246 | N106: 33.630548
B107: =B106+0.5% -> 0.04 | C107: -6.1632316 | D107: -2.4240186 | E107: 1.2798686 | F107: 4.9692128 | G107: 8.6583585 | H107: 12.357643 | I107: 16.074763 | J107: 19.815598 | K107: 23.584734 | L107: 27.385803 | M107: 31.221729 | N107: 35.094884
B108: =B107+0.5% -> 0.045 | C108: -5.6311505 | D108: -1.8056483 | E108: 1.9839251 | F108: 5.7587886 | G108: 9.533589 | H108: 13.318882 | I108: 17.122528 | J108: 20.950531 | K108: 24.807574 | L108: 28.697368 | M108: 32.622897 | N108: 36.586586
B109: =B108+0.5% -> 0.05 | C109: -5.089337 | D109: -1.1759309 | E109: 2.700934 | F109: 6.5629203 | G109: 10.424983 | H109: 14.297899 | I109: 18.189696 | J109: 22.106506 | K109: 26.053109 | L109: 30.033296 | M109: 34.050114 | N109: 38.106039
B110: =B109+0.5% -> 0.055 | C110: -4.5376546 | D110: -0.53470702 | E110: 3.4310772 | F110: 7.3818124 | G110: 11.332766 | H110: 15.294944 | I110: 19.276541 | J110: 23.283818 | K110: 27.321657 | L110: 31.39393 | M110: 35.503748 | N110: 39.653637
B111: =B110+0.5% -> 0.06 | C111: -3.9759655 | D111: 0.11818411 | E111: 4.1745385 | F111: 8.2156716 | G111: 12.25717 | H111: 16.31027 | I111: 20.383338 | J111: 24.482767 | K111: 28.613543 | L111: 32.779618 | M111: 36.984168 | N111: 41.229774
B112: =B111+0.5% -> 0.065 | C112: -3.4041307 | D112: 0.7829048 | E112: 4.9315032 | F112: 9.0647064 | G112: 13.198426 | H112: 17.344131 | I112: 21.510365 | J112: 25.703655 | K112: 29.929091 | L112: 34.190708 | M112: 38.491748 | N112: 42.834849
B113: =B112+0.5% -> 0.07 | C113: -2.8220097 | D113: 1.4596189 | E113: 5.7021585 | F113: 9.9291273 | G113: 14.156767 | H113: 18.396785 | I113: 22.657904 | J113: 26.946787 | K113: 31.26863 | L113: 35.627553 | M113: 40.026868 | N113: 44.469264
B114: =B113+0.5% -> 0.075 | C114: -2.229461 | D114: 2.1484917 | E114: 6.4866934 | F114: 10.809147 | G114: 15.132429 | H114: 19.468492 | I114: 23.826238 | J114: 28.21247 | K114: 32.632493 | L114: 37.090512 | M114: 41.589907 | N114: 46.133425
B115: =B114+0.5% -> 0.08 | C115: -1.6263415 | D115: 2.8496901 | E115: 7.2852983 | F115: 11.704979 | G115: 16.125651 | H115: 20.559513 | I115: 25.015654 | J115: 29.501016 | K115: 34.021014 | L115: 38.579942 | M115: 43.18125 | N115: 47.827743
B116: =B115+0.5% -> 0.085 | C116: -1.0125069 | D116: 3.5633825 | E116: 8.0981658 | F116: 12.61684 | G116: 17.136673 | H116: 21.670114 | I116: 26.226439 | J116: 30.812736 | K116: 35.434531 | L116: 40.096207 | M116: 44.801286 | N116: 49.552631
B117: =B116+0.5% -> 0.09 | C117: -0.38781155 | D117: 4.2897389 | E117: 8.92549 | F117: 13.544949 | G117: 18.165737 | H117: 22.800561 | I117: 27.458886 | J117: 32.147947 | K117: 36.873385 | L117: 41.639674 | M117: 46.450406 | N117: 51.308506
... B119: =B118+0.5% -> 0.1 | C119: 0.89475024 | D119: 5.7811312 | E119: 10.624294 | F119: 15.450792 | G119: 20.278975 | H119: 25.122072 | I119: 29.989944 | J119: 34.890124 | K119: 39.828487 | L119: 44.809693 | M119: 49.837486 | N119: 54.914909
B121: My Valuation Range
B122: Analyst Valuation Range

Sheet Misc Input
B2: 3 Statement Inputs | J2: Share Price | Q2: Analyst Recommendations and Estimates | X2: Plantations Acreage Geography | AB2: 5 Year Plantation Statistics
B3: Source: WSJ | J3: Source: WSJ | Q3: Source: WSJ | X3: Source: KLK Corporate Website | AB3: Source: Annual Report 2016 pg 17
B6: Fiscal year is October-September. All values MYR Millions. | C6: 2012 | D6: 2013 | E6: 2014 | F6: 2015 | G6: 2016 | J6: Date | K6: Open | L6: High | M6: Low | N6: Close | O6: Volume | Q6: Date | R6: Open Price | S6: Target Price | T6: Upside/Downside | U6: Price Call | V6: Source | X6: Location | Y6: Hecterage | Z6: Description | AC6: Unit | AD6: 2012 | AE6: 2013 | AF6: 2014 | AG6: 2015 | AH6: 2016
B7: Sales/Revenue | C7: 10067 | D7: 9147 | E7: 11130 | F7: 13650 | G7: 16506 | J7: 05/23/17 | K7: 24.56 | L7: 25 | M7: 24.56 | N7: 24.76 | O7: 1795800 | Q7: 42878 | R7: 24.84 | S7: 25.42 | T7: +0.58 (2.33%) | U7: HOLD | V7: PUBLIC BANK | X7: Pensinsular Malaysia | AB7: Oil Palm
B8: Sales Growth | C8: - | D8: -0.0914 | E8: 0.2167 | F8: 0.2264 | G8: 0.2092 | J8: 05/22/17 | K8: 24.98 | L8: 24.98 | M8: 24.74 | N8: 24.84 | O8: 1328100 | Q8: 42878 | R8: 24.84 | S8: 29.25 | T8: +4.41 (17.75%) | U8: BUY | V8: MIDF | X8: Ladang Allagar, Trong, Perak. | Y8: 805 | AB8: FFB Production
B9: Cost of Goods Sold (COGS) incl. D&A | C9: 7904 | D9: 7201 | E9: 9011 | F9: 11688 | G9: 14396 | J9: 05/19/17 | K9: 24.64 | L9: 24.98 | M9: 24.64 | N9: 24.86 | O9: 874500 | Q9: 42878 | R9: 24.84 | S9: 25.55 | T9: +0.71 (2.86%) | U9: HOLD | V9: HLG | X9: Ladang Ayer Hitam, Bahau, Negeri Sembilan. | Y9: 2640 | AB9: - Own Estates
B10: COGS excluding D&A | C10: 7642 | D10: 6914 | E10: 8676 | F10: 11307 | G10: 13954 | J10: 05/18/17 | K10: 24.56 | L10: 24.98 | M10: 24.56 | N10: 24.9 | O10: 530600 | Q10: 42781 | R10: 25.18 | S10: 22.75 | T10: -2.43 (9.65%) | U10: SELL | V10: TA | X10: Ladang Ban Heng, Pagoh, Muar, Johor. | Y10: 631 | AB10: - Sold
B11: Depreciation & Amortization Expense | C11: 262 | D11: 287 | E11: 336 | F11: 381 | G11: 442 | J11: 05/17/17 | K11: 25 | L11: 25 | M11: 24.54 | N11: 24.9 | O11: 1030400 | Q11: 42781 | R11: 25.18 | S11: 26.03 | T11: +0.85 (3.38%) | U11: HOLD | V11: PUBLIC BANK | X11: Ladang Batang Jelai, Rompin, Negeri Sembilan. | Y11: 2149 | AB11: - Purchased
B12: Depreciation | C12: 216 | D12: 279 | E12: 327 | F12: 377 | G12: 437 | J12: 05/16/17 | K12: 25 | L12: 25 | M12: 24.86 | N12: 24.9 | O12: 2923200 | Q12: 42781 | R12: 25.18 | S12: 29.25 | T12: +4.07 (16.16%) | U12: BUY | V12: MIDF | X12: Ladang Batu Lintang, Serdang, Kedah. | Y12: 1808 | AB12: - total processed
B13: Amortization of Intangibles | C13: 3 | D13: 3 | E13: 4 | F13: 4 | G13: 5 | J13: 5/15/17 | K13: 24.92 | L13: 24.92 | M13: 24.8 | N13: 24.9 | O13: 1165200 | Q13: 42781 | R13: 25.18 | S13: 26 | T13: +0.82 (3.26%) | U13: HOLD | V13: KENANGA | X13: Ladang Buntar, Serdang, Kedah. | Y13: 547 | AB13: Yiled per mature hectare
B14: Amortization of Deferred Charges | C14: 42 | D14: 5 | E14: 5 | F14: - | G14: - | J14: 43074 | K14: 24.64 | L14: 24.94 | M14: 24.64 | N14: 24.92 | O14: 554200 | Q14: 42781 | R14: 25.18 | S14: 24.6 | T14: -0.58 (2.30%) | U14: HOLD | V14: JF APEX | X14: Ladang Changkat Asa, Hulu Selangor. | Y14: 1543
B15: COGS Growth | C15: - | D15: -0.089 | E15: 0.2514 | F15: 0.297 | G15: 0.2317 | J15: 43044 | K15: 24.98 | L15: 24.98 | M15: 24.74 | N15: 24.86 | O15: 1498700 | Q15: 42781 | R15: 25.18 | S15: 25.55 | T15: +0.37 (1.47%) | U15: HOLD | V15: HLG | X15: Ladang Changkat Chermin, Manjung, Perak. | Y15: 2530
B16: Gross Income | C16: 2163 | D16: 1946 | E16: 2118 | F16: 1962 | G16: 2110 | J16: 42983 | K16: 25 | L16: 25 | M16: 24.72 | N16: 24.8 | O16: 2015800 | Q16: 42781 | R16: 25.18 | S16: 22.5 | T16: -2.68 (10.64%) | U16: HOLD | V16: ALLIANCE | X16: Ladang Fraser, Kulai, Johor. | Y16: 2928
B17: Gross Income Growth | C17: - | D17: -0.1002 | E17: 0.0885 | F17: -0.0738 | G17: 0.0753 | J17: 42952 | K17: 24.88 | L17: 25 | M17: 24.52 | N17: 24.74 | O17: 1184400 | X17: Ladang Glenealy, Parit, Perak. | Y17: 1059
B18: Gross Profit Margin | C18: - | D18: - | E18: - | F18: - | G18: 0.1278 | J18: 42860 | K18: 24.58 | L18: 24.72 | M18: 24.58 | N18: 24.7 | O18: 284500 | X18: Ladang Gunong Pertanian, Simpang Durian, Negeri Sembilan. | Y18: 686
B19: SG&A Expense | C19: 656 | D19: 635 | E19: 641 | F19: 719 | G19: 812 | J19: 42830 | K19: 24.88 | L19: 24.88 | M19: 24.54 | N19: 24.64 | O19: 744400 | Q19: Analyst Ratings Kuala Lumpur Kepong Bhd | X19: Ladang Jeram Padang, Bahau, Negeri Sembilan. | Y19: 2114
B20: Research & Development | C20: 14 | D20: 15 | E20: 18 | F20: 19 | G20: 24 | J20: 42799 | K20: 24.6 | L20: 24.66 | M20: 24.44 | N20: 24.6 | O20: 677400 | R20: 3 Months Ago | S20: 1 Month Ago | T20: Current | X20: Ladang Kekayaan, Paloh, Johor. | Y20: 4436
B21: Other SG&A | C21: 643 | D21: 620 | E21: 623 | F21: 701 | G21: 788 | J21: 42771 | K21: 24.9 | L21: 24.9 | M21: 24.54 | N21: 24.64 | O21: 1417200 | Q21: Buy | R21: 5 | S21: 3 | T21: 3 | X21: Ladang Kemasul, Mengkarak, Pahang. | Y21: 459
B22: SGA Growth | C22: - | D22: -0.0323 | E22: 0.0089 | F22: 0.1229 | G22: 0.1282 | J22: 04/28/17 | K22: 24.26 | L22: 24.54 | M22: 24.26 | N22: 24.52 | O22: 1374500 | Q22: Overweight | R22: 1 | S22: 1 | T22: 1 | X22: Ladang Kerilla, Tanah Merah, Kelantan. | Y22: 2176
B23: Other Operating Expense | C23: 116 | D23: 151 | E23: -2 | F23: -6 | G23: -6 | J23: 04/27/17 | K23: 24.94 | L23: 24.94 | M23: 24.42 | N23: 24.52 | O23: 1501900 | Q23: Hold | R23: 12 | S23: 13 | T23: 13 | X23: Ladang Kerling, Kerling, Selangor. | Y23: 1222
B24: EBIT | C24: 1390 | D24: 1160 | E24: 1480 | F24: 1248 | G24: 1304 | J24: 04/26/17 | K24: 24.58 | L24: 24.58 | M24: 24.48 | N24: 24.52 | O24: 607400 | Q24: Underweight | R24: 1 | S24: 1 | T24: 1 | X24: Ladang Kombok, Rantau, Negeri Sembilan. | Y24: 1910
B25: Unusual Expense | C25: 8 | D25: 8 | E25: 19 | F25: -33 | G25: -25 | J25: 04/25/17 | K25: 24.32 | L25: 24.56 | M25: 24.24 | N25: 24.56 | O25: 1251700 | Q25: Sell | R25: 2 | S25: 2 | T25: 2 | X25: Ladang Kuala Gris, Kuala Krai, Kelantan. | Y25: 2429
B26: Non Operating Income/Expense | C26: 70 | D26: 115 | E26: -62 | F26: -40 | G26: 535 | J26: 04/21/17 | K26: 24.28 | L26: 24.32 | M26: 24.22 | N26: 24.32 | O26: 733100 | Q26: Consensus | R26: HOLD | S26: HOLD | T26: HOLD | X26: Ladang Kuala Hau, Machang, Kelantan. | Y26: 547
B27: Interest Expense | C27: 63 | D27: 81 | E27: 87 | F27: 105 | G27: 158 | J27: 04/20/17 | K27: 24.16 | L27: 24.24 | M27: 24.16 | N27: 24.22 | O27: 1451400 | X27: Ladang Kuala Kangsar, Padang Rengas, Perak. | Y27: 843
B28: Interest Expense Growth | C28: - | D28: 0.2747 | E28: 0.08 | F28: 0.1961 | G28: 0.5097 | J28: 04/19/17 | K28: 24.32 | L28: 24.56 | M28: 23.92 | N28: 24.16 | O28: 1888600 | X28: Ladang Landak, Paloh, Johor. | Y28: 4451
B29: Gross Interest Expense | C29: 63 | D29: 81 | E29: 87 | F29: 105 | G29: 158 | J29: 04/18/17 | K29: 23.86 | L29: 24.2 | M29: 23.86 | N29: 24.14 | O29: 1239100 | Q29: EPS Estimates | X29: Ladang Lekir, Manjung, Perak. | Y29: 3312
B30: Pretax Income | C30: 1389 | D30: 1186 | E30: 1312 | F30: 1137 | G30: 1707 | J30: 04/17/17 | K30: 23.82 | L30: 24 | M30: 23.82 | N30: 23.98 | O30: 1574300 | X30: Ladang New Pogoh, Segamat, Johor. | Y30: 1545
B31: Pretax Income Growth | C31: - | D31: -0.1459 | E31: 0.1058 | F31: -0.1333 | G31: 0.5016 | J31: 04/14/17 | K31: 24.06 | L31: 24.06 | M31: 23.66 | N31: 23.82 | O31: 2370400 | Q31: FY 2017 Estimate Trends | X31: Ladang Paloh, Paloh, Johor. | Y31: 2003
B32: Pretax Margin | C32: - | D32: - | E32: - | F32: - | G32: 0.1034 | J32: 04/13/17 | K32: 24.48 | L32: 24.48 | M32: 24 | N32: 24.1 | O32: 2629000 | Q32: Current: | R32: 1.15 | X32: Ladang Pasir Gajah, Kuala Krai, Kelantan. | Y32: 2107
B33: Income Tax | C33: 297 | D33: 233 | E33: 285 | F33: 251 | G33: 29 | J33: 43073 | K33: 24.48 | L33: 24.52 | M33: 24.44 | N33: 24.48 | O33: 3192100 | Q33: 1 month ago: | R33: 1.14 | X33: Ladang Pelam, Kulim, Kedah. | Y33: 2959
B34: Income Tax - Current Domestic | C34: 233 | D34: 219 | E34: 219 | F34: 164 | G34: 176 | J34: 43043 | K34: 24.58 | L34: 24.58 | M34: 24.36 | N34: 24.46 | O34: 1629200 | Q34: 3 months ago: | R34: 1.13 | X34: Ladang Raja Hitam, Manjung, Perak. | Y34: 1497
B35: Income Tax - Current Foreign | C35: 94 | D35: 63 | E35: 100 | F35: 107 | G35: 127 | J35: 43012 | K35: 24.6 | L35: 24.66 | M35: 24.4 | N35: 24.46 | O35: 323200 | Q35: FY 2018 Estimate Trends | X35: Ladang Renjok, Bentong, Pahang. | Y35: 1578
B36: Income Tax - Deferred Domestic | C36: -29 | D36: -50 | E36: -34 | F36: -21 | G36: -274 | J36: 42920 | K36: 24.86 | L36: 24.86 | M36: 24.6 | N36: 24.68 | O36: 1957500 | Q36: Current: | R36: 1.19 | X36: Ladang See Sun, Renggam, Johor. | Y36: 589
B37: Equity in Affiliates | C37: 11 | D37: 13 | E37: 6 | F37: -2 | G37: 5 | J37: 42890 | K37: 24.7 | L37: 24.7 | M37: 24.62 | N37: 24.68 | O37: 1272700 | Q37: 1 month ago: | R37: 1.19 | X37: Ladang Selborne, Padang Tengku, Kuala Lipis, Pahang. | Y37: 1258
B38: Consolidated Net Income | C38: 1103 | D38: 967 | E38: 1033 | F38: 884 | G38: 1683 | J38: 42859 | K38: 24.72 | L38: 24.92 | M38: 24.52 | N38: 24.62 | O38: 1778700 | Q38: 3 months ago: | R38: 1.22 | X38: Ladang Serapoh, Parit, Perak. | Y38: 936
B39: Minority Interest Expense | C39: 49 | D39: 49 | E39: 41 | F39: 14 | G39: 91 | J39: 42829 | K39: 24.54 | L39: 24.92 | M39: 24.54 | N39: 24.92 | O39: 772000 | X39: Ladang Subur, Batu Kurau, Perak. | Y39: 1290
B40: Net Income | C40: 1054 | D40: 918 | E40: 992 | F40: 870 | G40: 1592 | J40: 42798 | K40: 24.6 | L40: 24.9 | M40: 24.6 | N40: 24.7 | O40: 461400 | Q40: Competitor List | X40: Ladang Sungai Bekok, Bekok, Johor. | Y40: 625
J41: 03/31/17 | K41: 24.8 | L41: 24.8 | M41: 24.52 | N41: 24.68 | O41: 2142200 | Q41: Sime Darby | X41: Ladang Sungai Sokor, Tanah Merah, Kelantan. | Y41: 1603
B42: Net Income Growth | C42: - | D42: -0.1291 | E42: 0.0806 | F42: -0.1228 | G42: 0.8303 | J42: 03/30/17 | K42: 24.7 | L42: 24.8 | M42: 24.64 | N42: 24.78 | O42: 1561500 | Q42: Wilmar International ltd | X42: Ladang Sungei Kawang, Lanchang, Pahang. | Y42: 1889
B43: Net Margin | C43: - | D43: - | E43: - | F43: - | G43: 0.0965 | J43: 03/29/17 | K43: 24.96 | L43: 24.96 | M43: 24.76 | N43: 24.78 | O43: 1162000 | Q43: Golden Agri-Resources Ltd | X43: Ladang Sungei Penggeli, Bandar Tenggara, Johor. | Y43: 942
B44: Extraordinaries & Discontinued Operations | C44: 157 | D44: - | E44: - | F44: - | G44: - | J44: 03/28/17 | K44: 24.82 | L44: 24.94 | M44: 24.74 | N44: 24.78 | O44: 1029800 | Q44: Hap Seng Consildiated bhd | X44: Ladang Tuan, Bentong, Pahang. | Y44: 1353
B45: Extra Items & Gain/Loss Sale Of Assets | C45: 136 | D45: - | E45: - | F45: - | G45: - | J45: 03/27/17 | K45: 24.58 | L45: 24.7 | M45: 24.54 | N45: 24.7 | O45: 695200 | Q45: IJM PlantationsBhd | X45: Ladang Tuan Mee, Sungai Buloh, Selangor. | Y45: 1556
B46: Discontinued Operations | C46: 22 | D46: - | E46: - | F46: - | G46: - | J46: 03/24/17 | K46: 24.66 | L46: 24.78 | M46: 24.48 | N46: 24.48 | O46: 2388000 | Q46: Sinar Mas Agro Resources & Technology | X46: Ladang Ulu Pedas, Pedas, Negeri Sembilan. | Y46: 922
B47: Net Income After Extraordinaries | C47: 896 | D47: 918 | E47: 992 | F47: 870 | G47: 1592 | J47: 03/23/17 | K47: 24.98 | L47: 24.98 | M47: 24.54 | N47: 24.68 | O47: 1283200 | Q47: London Sumatra Indonesia | X47: Ladang Voules, Segamat, Johor. | Y47: 2967
B48: Net Income Available to Common | C48: 1076 | D48: 918 | E48: 992 | F48: 870 | G48: 1592 | J48: 03/22/17 | K48: 24.96 | L48: 24.96 | M48: 24.7 | N48: 24.8 | O48: 1223600 | X48: KL-Kepong Edible Oils, Pasir Gudang, Johor. | Y48: 5
B49: EPS (Basic) | C49: 1.01 | D49: 0.86 | E49: 0.93 | F49: 0.82 | G49: 1.5 | J49: 03/21/17 | K49: 24.98 | L49: 25 | M49: 24.78 | N49: 24.82 | O49: 2409800 | X49: Subtotal = | Y49: 68851
B50: EPS (Basic) Growth | C50: - | D50: -0.1465 | E50: 0.08 | F50: -0.1224 | G50: 0.8299 | J50: 03/20/17 | K50: 24.56 | L50: 24.9 | M50: 24.56 | N50: 24.8 | O50: 859800
B51: Basic Shares Outstanding | C51: 1065 | D51: 1065 | E51: 1065 | F51: 1065 | G51: 1065 | J51: 03/17/17 | K51: 24.88 | L51: 24.88 | M51: 24.72 | N51: 24.76 | O51: 3074600 | X51: East Malaysia
B52: EPS (Diluted) | C52: 1.14 | D52: 0.86 | E52: 0.93 | F52: 0.82 | G52: 1.5 | J52: 03/16/17 | K52: 24.94 | L52: 24.94 | M52: 24.38 | N52: 24.7 | O52: 1487800 | X52: Ladang Bornion, Kinabatangan, Sabah. | Y52: 3233
B53: EPS (Diluted) Growth | C53: - | D53: -0.2423 | E53: 0.0806 | F53: -0.1228 | G53: 0.8303 | J53: 03/15/17 | K53: 24.72 | L53: 24.72 | M53: 24.48 | N53: 24.5 | O53: 1242100 | X53: Ladang Bukit Tabin, Lahad Datu, Sabah. | Y53: 2916
B54: Diluted Shares Outstanding | C54: 1065 | D54: 1065 | E54: 1065 | F54: 1065 | G54: 1065 | J54: 03/14/17 | K54: 24.88 | L54: 24.88 | M54: 24.46 | N54: 24.5 | O54: 1339900 | X54: Ladang Jatika, Tawau, Sabah. | Y54: 3508
B55: EBITDA | C55: 1652 | D55: 1447 | E55: 1815 | F55: 1629 | G55: 1746 | J55: 03/13/17 | K55: 24.64 | L55: 24.64 | M55: 24.36 | N55: 24.46 | O55: 951100 | X55: Ladang Lungmanis, Lahad Datu, Sabah. | Y55: 1656
B56: EBITDA Growth | C56: - | D56: -0.1243 | E56: 0.2546 | F56: -0.1025 | G56: 0.0718 | J56: 43011 | K56: 24.36 | L56: 24.4 | M56: 24.34 | N56: 24.38 | O56: 1289800 | X56: Ladang Pang Burong, Tawau, Sabah. | Y56: 2548
B57: EBITDA Margin | C57: - | D57: - | E57: - | F57: - | G57: 0.1058 | J57: 42981 | K57: 24.46 | L57: 24.58 | M57: 24.32 | N57: 24.38 | O57: 718300 | X57: Ladang Pangeran, Tawau, Sabah. | Y57: 2855
B58: EBIT | C58: 1390 | D58: 1160 | E58: 1480 | F58: 1248 | G58: 1304 | J58: 42950 | K58: 24.48 | L58: 24.66 | M58: 24.06 | N58: 24.4 | O58: 623700 | X58: Ladang Pinang, Tawau, Sabah. | Y58: 2420
J59: 42919 | K59: 24.7 | L59: 24.7 | M59: 24.48 | N59: 24.58 | O59: 903300 | X59: Ladang Rimmer, Lahad Datu, Sabah. | Y59: 2730
I60: 5-year trend | J60: 42889 | K60: 24.2 | L60: 24.48 | M60: 24.2 | N60: 24.38 | O60: 1254900 | X60: Ladang Ringlet, Tawau, Sabah. | Y60: 1834
B61: Fiscal year is October-September. All values MYR Millions. | C61: 2012 | D61: 2013 | E61: 2014 | F61: 2015 | G61: 2016 | J61: 42797 | K61: 24.6 | L61: 24.6 | M61: 24.3 | N61: 24.38 | O61: 517100 | X61: Ladang Segar Usaha, Kinabatangan, Sabah. | Y61: 2792
B62: Cash & Short Term Investments | C62: 2414 | D62: 1771 | E62: 1394 | F62: 2421 | G62: 2120 | J62: 42769 | K62: 24.2 | L62: 24.6 | M62: 24.18 | N62: 24.32 | O62: 1370900 | X62: Ladang Sigalong, Tawau, Sabah. | Y62: 2864
B63: Cash Only | C63: 181 | D63: 1757 | E63: 1317 | F63: 2106 | G63: 989 | J63: 42738 | K63: 24.14 | L63: 24.3 | M63: 24.14 | N63: 24.2 | O63: 446300 | X63: Ladang Sri Kunak, Tawau, Sabah. | Y63: 2770
B64: Short-Term Investments | C64: 2233 | D64: 14 | E64: 77 | F64: 316 | G64: 1131 | J64: 02/28/17 | K64: 24.3 | L64: 24.32 | M64: 24.02 | N64: 24.14 | O64: 1433200 | X64: Ladang Sungai Silabukan, Lahad Datu, Sabah. | Y64: 2654
B65: Cash & Short Term Investments Growth | C65: - | D65: -0.2663 | E65: -0.2132 | F65: 0.7376 | G65: -0.1247 | J65: 02/27/17 | K65: 23.88 | L65: 24.42 | M65: 23.88 | N65: 24.2 | O65: 1400300 | X65: Ladang Tundong, Tawau, Sabah. | Y65: 2155
B66: Cash & ST Investments / Total Assets | C66: 0.2121 | D66: 0.1508 | E66: 0.1077 | F66: 0.1398 | G66: 0.1156 | J66: 02/24/17 | K66: 24.14 | L66: 24.48 | M66: 24.06 | N66: 24.08 | O66: 3425700 | X66: Ladang Tungku, Lahad Datu, Sabah. | Y66: 3418
B67: Total Accounts Receivable | C67: 1090 | D67: 1204 | E67: 1513 | F67: 2241 | G67: 2108 | J67: 02/23/17 | K67: 24.3 | L67: 24.7 | M67: 24.26 | N67: 24.3 | O67: 1307900 | X67: KLK Premier Oils, Lahad Datu, Sabah. | Y67: 6
B68: Accounts Receivables, Net | C68: 814 | D68: 867 | E68: 1002 | F68: 1711 | G68: 1470 | J68: 02/22/17 | K68: 24.2 | L68: 24.22 | M68: 24.08 | N68: 24.2 | O68: 2589100 | X68: Subtotal = | Y68: 40359
B69: Accounts Receivables, Gross | C69: 822 | D69: 879 | E69: 1012 | F69: 1735 | G69: 1490 | J69: 02/21/17 | K69: 24.6 | L69: 24.68 | M69: 24.24 | N69: 24.24 | O69: 1154200
B70: Bad Debt/Doubtful Accounts | C70: -8 | D70: -12 | E70: -10 | F70: -23 | G70: -20 | J70: 02/20/17 | K70: 24.4 | L70: 24.62 | M70: 24.4 | N70: 24.48 | O70: 935600 | X70: Indonesia
B71: Other Receivables | C71: 275 | D71: 337 | E71: 511 | F71: 529 | G71: 637 | J71: 02/17/17 | K71: 24.82 | L71: 24.92 | M71: 24.82 | N71: 24.88 | O71: 3030500 | X71: Kebun Alam Karya Sejahtera, Belitung. | Y71: 2336
B72: Accounts Receivable Growth | C72: - | D72: 0.1045 | E72: 0.257 | F72: 0.4807 | G72: -0.0594 | J72: 02/16/17 | K72: 25 | L72: 25 | M72: 24.92 | N72: 24.92 | O72: 1997700 | X72: Kebun Anugrah Surya Mandiri, Berau, Kalimantan Timur. | Y72: 2682
B73: Accounts Receivable Turnover | C73: 9.24 | D73: 7.6 | E73: 7.36 | F73: 6.09 | G73: 7.83 | J73: 02/15/17 | K73: 25 | L73: 25.22 | M73: 24.92 | N73: 25 | O73: 2242500 | X73: Kebun Basilam, Langkat, Sumatra Utara. | Y73: 2697
B74: Inventories | C74: 1239 | D74: 1121 | E74: 1523 | F74: 1706 | G74: 2025 | J74: 02/14/17 | K74: 25.2 | L74: 25.2 | M74: 25.06 | N74: 25.1 | O74: 2400300 | X74: Kebun Bekiun, Langkat, Sumatra Utara. | Y74: 2979
B75: Work in Progress | C75: 9 | D75: 41 | E75: 54 | F75: 60 | G75: 83 | J75: 02/13/17 | K75: 25.3 | L75: 25.3 | M75: 25.08 | N75: 25.1 | O75: 1297900 | X75: Kebun Bukit Lawang, Langkat, Sumatra Utara. | Y75: 1377
B76: Raw Materials | C76: - | D76: - | E76: - | F76: 515 | G76: 476 | J76: 43010 | K76: 25.14 | L76: 25.5 | M76: 25 | N76: 25.08 | O76: 1459000 | X76: Kebun Gohor Lama, Langkat, Sumatra Utara. | Y76: 3323
B77: Progress Payments & Other | C77: 1230 | D77: 1080 | E77: 1469 | F77: 1131 | G77: 1466 | J77: 42949 | K77: 25.1 | L77: 25.12 | M77: 25.02 | N77: 25.06 | O77: 1610000 | X77: Kebun Hutan Hijau Mas, Berau, Kalimantan Timur. | Y77: 7317
B78: Other Current Assets | C78: 72 | D78: 77 | E78: 81 | F78: 424 | G78: 116 | J78: 42918 | K78: 24.86 | L78: 25.2 | M78: 24.86 | N78: 25.02 | O78: 1727100 | X78: Kebun Jabontara Eka Karsa, Berau, Kalimantan Timur. | Y78: 14086
B79: Prepaid Expenses | C79: 51 | D79: 56 | E79: 81 | F79: 138 | G79: 95 | J79: 42888 | K79: 24.58 | L79: 25.16 | M79: 24.52 | N79: 25.16 | O79: 1389700 | X79: Kebun Karya Makmur Abadi, Mentaya Hulu, Kalimantan Tengah. | Y79: 13148
B80: Miscellaneous Current Assets | C80: 21 | D80: 22 | E80: - | F80: 286 | G80: 22 | J80: 42796 | K80: 24.34 | L80: 24.52 | M80: 24.32 | N80: 24.5 | O80: 1454000 | X80: Kebun Malindomas Perkebunan, Berau, Kalimantan Timur. | Y80: 7971
B81: Total Current Assets | C81: 4815 | D81: 4173 | E81: 4510 | F81: 6792 | G81: 6368 | J81: 42768 | K81: 24.38 | L81: 24.38 | M81: 24.06 | N81: 24.34 | O81: 2143500 | X81: Kebun Mandau, Riau, Sumatra. | Y81: 14799
B82: Net Property, Plant & Equipment | C82: 5280 | D82: 5854 | E82: 6519 | F82: 7436 | G82: 8745 | H82: =SUM(C83-C91) -> 5280 | J82: 01/31/17 | K82: 24.04 | L82: 24.26 | M82: 24.04 | N82: 24.1 | O82: 1498500 | X82: Kebun Maryke, Langkat, Sumatra Utara. | Y82: 2704
B83: Property, Plant & Equipment - Gross | C83: 7309 | D83: 8124 | E83: 8968 | F83: 10399 | G83: 12114 | J83: 01/27/17 | K83: 24.38 | L83: 24.38 | M83: 23 | N83: 24.04 | O83: 182300 | X83: Kebun Menteng Jaya Sawit Perdana, Mentaya Hilir Utara, Kalimantan Tengah. | Y83: 5893
B84: Buildings | C84: 765 | D84: 859 | E84: 984 | F84: 1169 | G84: 1305 | J84: 01/26/17 | K84: 24.4 | L84: 24.5 | M84: 24.3 | N84: 24.34 | O84: 384800 | X84: Kebun Mulia Agro Permai, Baamang, Kalimantan Tengah. | Y84: 9056
B85: Land & Improvements | C85: 597 | D85: 698 | E85: 956 | F85: 1031 | G85: 1978 | J85: 01/25/17 | K85: 24.4 | L85: 24.4 | M85: 24.28 | N85: 24.32 | O85: 1091100 | X85: Kebun Nilo, Riau, Sumatra. | Y85: 14660
B86: Machinery & Equipment | C86: 2360 | D86: 2753 | E86: 3359 | F86: 3933 | G86: 4635 | J86: 01/24/17 | K86: 24.24 | L86: 24.3 | M86: 24.22 | N86: 24.26 | O86: 3167400 | X86: Kebun Padang Brahrang, Langkat, Sumatra Utara. | Y86: 1949
B87: Construction in Progress | C87: 739 | D87: 901 | E87: 454 | F87: 563 | G87: 205 | J87: 01/23/17 | K87: 24.28 | L87: 24.4 | M87: 24.2 | N87: 24.24 | O87: 1716400 | X87: Kebun Parit Sembada, Belitung. | Y87: 3990
B88: Leases | C88: 242 | D88: 243 | E88: 251 | F88: 253 | G88: 252 | J88: 01/20/17 | K88: 24.16 | L88: 24.24 | M88: 24.1 | N88: 24.24 | O88: 2145500 | X88: Kebun Sekarbumi Alamlestari, Riau, Sumatra. | Y88: 6200
B89: Transportation Equipment | C89: 302 | D89: 319 | E89: 346 | F89: 384 | G89: 397 | J89: 01/19/17 | K89: 24.24 | L89: 24.28 | M89: 24.06 | N89: 24.22 | O89: 230400 | X89: Kebun Steelindo Wahana Perkasa, Belitung. | Y89: 14065
B90: Other Property, Plant & Equipment | C90: 2305 | D90: 2352 | E90: 2618 | F90: 3066 | G90: 3343 | J90: 01/18/17 | K90: 24.22 | L90: 24.22 | M90: 24.06 | N90: 24.12 | O90: 238800 | X90: Kebun Tanjung Beringin, Langkat, Sumatra Utara. | Y90: 3936
B91: Accumulated Depreciation | C91: 2029 | D91: 2271 | E91: 2448 | F91: 2963 | G91: 3369 | J91: 01/17/17 | K91: 24.2 | L91: 24.22 | M91: 24.1 | N91: 24.2 | O91: 2308200 | X91: Kebun Tanjung Keliling, Langkat, Sumatra Utara. | Y91: 2315
B92: Buildings | C92: 351 | D92: 391 | E92: 415 | F92: 492 | G92: 551 | J92: 01/16/17 | K92: 24.12 | L92: 24.2 | M92: 23.98 | N92: 24.1 | O92: 2022600 | X92: PT Kreasijaya Adhikarya. | Y92: 3
B93: Machinery & Equipment | C93: 1086 | D93: 1229 | E93: 1305 | F93: 1588 | G93: 1794 | J93: 01/13/17 | K93: 24.22 | L93: 24.22 | M93: 24.02 | N93: 24.2 | O93: 1366400 | X93: Subtotal = | Y93: 137486
B94: Transportation Equipment | C94: 227 | D94: 240 | E94: 259 | F94: 300 | G94: 324 | J94: 43070 | K94: 24.18 | L94: 24.26 | M94: 24.08 | N94: 24.2 | O94: 1348600
B95: Other Property, Plant & Equipment | C95: 315 | D95: 356 | E95: 413 | F95: 522 | G95: 629 | J95: 43040 | K95: 24.22 | L95: 24.26 | M95: 24 | N95: 24.12 | O95: 425500 | X95: Liberia
B96: Total Investments and Advances | C96: 680 | D96: 1002 | E96: 1043 | F96: 1907 | G96: 1780 | H96: =SUM(C97:C98) -> 680 | J96: 43009 | K96: 24.2 | L96: 24.3 | M96: 24.06 | N96: 24.1 | O96: 480100 | X96: Palm Bay. | Y96: 13007
B97: LT Investment - Affiliate Companies | C97: 94 | D97: 112 | E97: 159 | F97: 126 | G97: 172 | J97: 42979 | K97: 24.12 | L97: 24.2 | M97: 24.1 | N97: 24.1 | O97: 360200 | X97: Butaw. | Y97: 8011
B98: Other Long-Term Investments | C98: 586 | D98: 889 | E98: 884 | F98: 1782 | G98: 1608 | J98: 42887 | K98: 24.1 | L98: 24.16 | M98: 24 | N98: 24.12 | O98: 1237800 | X98: Subtotal = | Y98: 21018
B99: Long-Term Note Receivable | C99: 83 | D99: 106 | E99: 134 | F99: 345 | G99: 345 | H99: =C99 -> 83 | J99: 42856 | K99: 24.14 | L99: 24.2 | M99: 23.92 | N99: 24.02 | O99: 417000
B100: Intangible Assets | C100: 306 | D100: 317 | E100: 302 | F100: 345 | G100: 337 | H100: =SUM(C101:C102) -> 307 | J100: 42826 | K100: 24.16 | L100: 24.16 | M100: 23.88 | N100: 24.02 | O100: 189100
B101: Net Goodwill | C101: 286 | D101: 297 | E101: 287 | F101: 330 | G101: 322 | J101: 42795 | K101: 23.98 | L101: 24 | M101: 23.84 | N101: 24 | O101: 291500 | X101: Grand Total | Y101: =SUM(Y49,Y68,Y92,Y98) -> 130231
B102: Net Other Intangibles | C102: 21 | D102: 20 | E102: 15 | F102: 15 | G102: 15 | J102: 12/30/16 | K102: 24.1 | L102: 24.22 | M102: 23.76 | N102: 24 | O102: 923800
B103: Other Assets | C103: 164 | D103: 193 | E103: 251 | F103: 286 | G103: 307 | H103: =C103 -> 164 | J103: 12/29/16 | K103: 23.72 | L103: 24.2 | M103: 23.6 | N103: 24.2 | O103: 998600
...

Sheet Share Price
B2: Kuala Lumpur Kepng
B3: Date | C3: Open | D3: High | E3: Low | F3: Close | G3: Volume | J3: Kuala Lumpur Kepong
A4: =A3+1 -> 1 | B4: 40969 | C4: 22.78 | D4: 23.24 | E4: 22.78 | F4: 23 | G4: 523200 | J4: Share Price | K4: Volume
A5: =A4+1 -> 2 | B5: 41000 | C5: 23.46 | D5: 23.8 | E5: 23.36 | F5: 23.5 | G5: 694500 | I5: Average | J5: =AVERAGE(F$4:F$1328) -> 22.9296 | K5: =AVERAGE(G$4:G$1328) -> 870794.64
A6: =A5+1 -> 3 | B6: 41030 | C6: 23.58 | D6: 25.26 | E6: 23.48 | F6: 25.26 | G6: 996900 | I6: Median | J6: =MEDIAN(F$4:F$1328) -> 23.04 | K6: =MEDIAN(G$4:G$1328) -> 710700
A7: =A6+1 -> 4 | B7: 41061 | C7: 24.38 | D7: 24.64 | E7: 24.24 | F7: 24.64 | G7: 665500 | I7: Min | J7: =MIN(F$4:F$1328) -> 19.9 | K7: =MIN(G$4:G$1328) -> 1900
A8: =A7+1 -> 5 | B8: 41153 | C8: 24.64 | D8: 24.66 | E8: 24.5 | F8: 24.58 | G8: 363800 | I8: Max | J8: =MAX(F$4:F$1328) -> 25.98 | K8: =MAX(G$4:G$1328) -> 5300300
A9: =A8+1 -> 6 | B9: 41183 | C9: 24.56 | D9: 24.84 | E9: 24.56 | F9: 24.84 | G9: 477900 | I9: Std Dev | J9: =_xlfn.STDEV.S(F$4:F$1328) -> 1.2280885 | K9: =_xlfn.STDEV.S(G$4:G$1328) -> 648308.65
A10: =A9+1 -> 7 | B10: 41214 | C10: 24.7 | D10: 24.84 | E10: 24.7 | F10: 24.7 | G10: 353900 | I10: 1 S.D Range
A11: =A10+1 -> 8 | B11: 41244 | C11: 24.52 | D11: 24.76 | E11: 24.48 | F11: 24.52 | G11: 1062200 | I11: Min | J11: =J5-J9 -> 21.701511 | K11: =K5-K9 -> 222485.99
A12: =A11+1 -> 9 | B12: 01/13/12 | C12: 24.58 | D12: 24.58 | E12: 24.4 | F12: 24.5 | G12: 884300 | I12: Max | J12: =J5+J9 -> 24.157689 | K12: =K5+K9 -> 1519103.3
A13: =A12+1 -> 10 | B13: 01/16/12 | C13: 24.56 | D13: 24.56 | E13: 24.36 | F13: 24.38 | G13: 581700 | I13: 2 S.D Range
A14: =A13+1 -> 11 | B14: 01/17/12 | C14: 24.12 | D14: 25.04 | E14: 24.12 | F14: 24.64 | G14: 1277000 | I14: Min | J14: =J5-(2*J9) -> 20.473423 | K14: =K5-(2*K9) -> -425822.66
A15: =A14+1 -> 12 | B15: 01/18/12 | C15: 24.6 | D15: 24.96 | E15: 24.6 | F15: 24.82 | G15: 644500 | I15: Max | J15: =J5+ 2*(J9) -> 25.385777 | K15: =K5+ 2*(K9) -> 2167411.9
A16: =A15+1 -> 13 | B16: 01/19/12 | C16: 24.8 | D16: 24.88 | E16: 24.72 | F16: 24.78 | G16: 593000
A17: =A16+1 -> 14 | B17: 01/20/12 | C17: 24.72 | D17: 25.8 | E17: 24.72 | F17: 25.48 | G17: 1081100
A18: =A17+1 -> 15 | B18: 01/25/12 | C18: 25.3 | D18: 26.76 | E18: 25.3 | F18: 25.9 | G18: 1889100
A19: =A18+1 -> 16 | B19: 01/26/12 | C19: 25.9 | D19: 25.94 | E19: 25.86 | F19: 25.9 | G19: 801500
A20: =A19+1 -> 17 | B20: 01/27/12 | C20: 25.9 | D20: 26 | E20: 25.58 | F20: 25.9 | G20: 461900
A21: =A20+1 -> 18 | B21: 01/30/12 | C21: 25.9 | D21: 25.94 | E21: 25.54 | F21: 25.72 | G21: 1104600
A22: =A21+1 -> 19 | B22: 01/31/12 | C22: 25.86 | D22: 25.86 | E22: 25.56 | F22: 25.7 | G22: 1113700
A23: =A22+1 -> 20 | B23: 40941 | C23: 25.72 | D23: 25.84 | E23: 25.1 | F23: 25.6 | G23: 1375100
A24: =A23+1 -> 21 | B24: 40970 | C24: 25.56 | D24: 25.56 | E24: 24.74 | F24: 24.9 | G24: 1894800
A25: =A24+1 -> 22 | B25: 41123 | C25: 25.1 | D25: 25.12 | E25: 24.86 | F25: 24.94 | G25: 1621100
A26: =A25+1 -> 23 | B26: 41154 | C26: 24.98 | D26: 25.5 | E26: 24.92 | F26: 25.5 | G26: 1398600
A27: =A26+1 -> 24 | B27: 41184 | C27: 25.06 | D27: 25.6 | E27: 25.06 | F27: 25.48 | G27: 404900
A28: =A27+1 -> 25 | B28: 02/13/12 | C28: 25.5 | D28: 26.1 | E28: 25.32 | F28: 25.98 | G28: 1235500
A29: =A28+1 -> 26 | B29: 02/14/12 | C29: 26.14 | D29: 26.14 | E29: 25.44 | F29: 25.46 | G29: 1709500
A30: =A29+1 -> 27 | B30: 02/15/12 | C30: 25.76 | D30: 25.76 | E30: 25.32 | F30: 25.38 | G30: 1473800
A31: =A30+1 -> 28 | B31: 02/16/12 | C31: 25.36 | D31: 25.36 | E31: 24.8 | F31: 24.8 | G31: 1821300
A32: =A31+1 -> 29 | B32: 02/17/12 | C32: 24.86 | D32: 24.92 | E32: 24.86 | F32: 24.88 | G32: 1132600
A33: =A32+1 -> 30 | B33: 02/20/12 | C33: 24.8 | D33: 24.92 | E33: 24.76 | F33: 24.84 | G33: 671400 | I33: Market Valuation and P/E
A34: =A33+1 -> 31 | B34: 02/21/12 | C34: 24.16 | D34: 24.18 | E34: 23.98 | F34: 24 | G34: 1439800 | M34: 52 wk Rng
A35: =A34+1 -> 32 | B35: 02/22/12 | C35: 24.04 | D35: 24.04 | E35: 23.6 | F35: 23.64 | G35: 3846100 | I35: Company | J35: Share Price | K35: P/E | L35: M. Cap (bn) | M35: Min | N35: Max | O35: Div Yield | P35: YTD Return
A36: =A35+1 -> 33 | B36: 02/23/12 | C36: 23.48 | D36: 23.6 | E36: 23.1 | F36: 23.48 | G36: 742100 | H36: MYR | I36: Kuala Lumpur Kepong | J36: 24.7 | K36: 20.57 | L36: 26.39 | M36: 22.72 | N36: 25.5 | O36: 0.0121 | P36: 0.0292
A37: =A36+1 -> 34 | B37: 02/24/12 | C37: 23.48 | D37: 23.66 | E37: 23.46 | F37: 23.48 | G37: 317200 | H37: IND | I37: Astra Agro Lestari | J37: 14450 | K37: 12.78 | L37: 27960 | M37: 13775 | N37: 17950 | O37: 0.0512 | P37: -0.1386
A38: =A37+1 -> 35 | B38: 02/27/12 | C38: 23.56 | D38: 24.7 | E38: 23.42 | F38: 23.42 | G38: 262000 | H38: SGD | I38: Bumitama Agri | J38: 0.76 | K38: 12.04 | L38: 1.36 | M38: 0.67 | N38: 0.865 | O38: 0.0197 | P38: -0.0898
A39: =A38+1 -> 36 | B39: 02/28/12 | C39: 23.7 | D39: 23.7 | E39: 23.38 | F39: 23.42 | G39: 623100 | H39: MYR | I39: Felda Global Ventures | J39: 1.8 | K39: 545.5 | L39: 6.75 | M39: 1.32 | N39: 2.52 | O39: 0.0111 | P39: 0.1613
A40: =A39+1 -> 37 | B40: 02/29/12 | C40: 23.42 | D40: 23.64 | E40: 23.36 | F40: 23.42 | G40: 1809600 | H40: SGD | I40: First Resources | J40: 1.975 | K40: 13.35 | L40: 3.09 | M40: 1.505 | N40: 2.05 | O40: 0.0241 | P40: 0.0395
A41: =A40+1 -> 38 | B41: 40911 | C41: 23.34 | D41: 23.6 | E41: 23.34 | F41: 23.56 | G41: 919300 | H41: MYR | I41: Genting Plantations | J41: 11.46 | K41: 25.34 | L41: 9.32 | M41: 10.18 | N41: 11.76 | O41: 0.014 | P41: 0.0611
A42: =A41+1 -> 39 | B42: 40942 | C42: 23.5 | D42: 23.64 | E42: 23.5 | F42: 23.58 | G42: 667700 | H42: SGD | I42: Golden Agri-Resources | J42: 0.36 | K42: 9.78 | L42: 4.69 | M42: 0.325 | N42: 0.45 | O42: 0.0706 | P42: -0.1628
A43: =A42+1 -> 40 | B43: 41032 | C43: 24.36 | D43: 24.36 | E43: 23.34 | F43: 23.4 | G43: 773000 | H43: MYR | I43: IOI Corp | J43: 4.55 | K43: 80.39 | L43: 29.47 | M43: 4.1 | N43: 4.81 | O43: 0.0198 | P43: 0.0341
A44: =A43+1 -> 41 | B44: 41063 | C44: 23.5 | D44: 23.5 | E44: 23.1 | F44: 23.28 | G44: 1290900
A45: =A44+1 -> 42 | B45: 41093 | C45: 23.02 | D45: 23.4 | E45: 23.02 | F45: 23.28 | G45: 370900 | I45: Exchange Rate
A46: =A45+1 -> 43 | B46: 41124 | C46: 23.3 | D46: 23.38 | E46: 23.16 | F46: 23.26 | G46: 820300 | I46: MYR/IND | J46: 3108.7
A47: =A46+1 -> 44 | B47: 41155 | C47: 23.26 | D47: 23.44 | E47: 23.26 | F47: 23.4 | G47: 362400 | I47: MYR/SGD | J47: 0.32
A48: =A47+1 -> 45 | B48: 41246 | C48: 23.26 | D48: 23.4 | E48: 23.18 | F48: 23.24 | G48: 778500
A49: =A48+1 -> 46 | B49: 03/13/12 | C49: 23.26 | D49: 23.32 | E49: 23.2 | F49: 23.26 | G49: 1058600 | M49: 52 wk Rng
A50: =A49+1 -> 47 | B50: 03/14/12 | C50: 23.3 | D50: 23.36 | E50: 23 | F50: 23.3 | G50: 1425500 | I50: Company | J50: Share Price | K50: P/E | L50: M. Cap (bn) | M50: Min | N50: Max | O50: Div Yield | P50: YTD Return
A51: =A50+1 -> 48 | B51: 03/15/12 | C51: 23.2 | D51: 23.32 | E51: 23.12 | F51: 23.3 | G51: 1387500 | I51: Kuala Lumpur Kepong | J51: =J36 -> 24.7 | K51: =K36 -> 20.57 | L51: =L36 -> 26.39 | M51: =M36 -> 22.72 | N51: =N36 -> 25.5 | O51: =O36 -> 0.0121 | P51: =P36 -> 0.0292
A52: =A51+1 -> 49 | B52: 03/16/12 | C52: 23.3 | D52: 23.48 | E52: 23.26 | F52: 23.26 | G52: 2036900 | I52: Astra Agro Lestari | J52: =J37/$J46 -> 4.6482452 | K52: =K37 -> 12.78 | L52: =L37/$J46 -> 8.9941133 | M52: =M37/$J46 -> 4.4311127 | N52: =N37/$J46 -> 5.7741178 | O52: =O37 -> 0.0512 | P52: =P37 -> -0.1386
A53: =A52+1 -> 50 | B53: 03/19/12 | C53: 23.26 | D53: 23.5 | E53: 23.26 | F53: 23.32 | G53: 930800 | I53: Bumitama Agri | J53: =J38/$J47 -> 2.375 | K53: =K38 -> 12.04 | L53: =L38/$J47 -> 4.25 | M53: =M38/$J47 -> 2.09375 | N53: =N38/$J47 -> 2.703125 | O53: =O38 -> 0.0197 | P53: =P38 -> -0.0898
A54: =A53+1 -> 51 | B54: 03/20/12 | C54: 23.3 | D54: 23.52 | E54: 23.3 | F54: 23.4 | G54: 476000 | I54: Felda Global Ventures | J54: =J39 -> 1.8 | K54: =K39 -> 545.5 | L54: =L39 -> 6.75 | M54: =M39 -> 1.32 | N54: =N39 -> 2.52 | O54: =O39 -> 0.0111 | P54: =P39 -> 0.1613
A55: =A54+1 -> 52 | B55: 03/21/12 | C55: 23.18 | D55: 23.44 | E55: 23.18 | F55: 23.42 | G55: 2602300 | I55: First Resources | J55: =J40/$J47 -> 6.171875 | K55: =K40 -> 13.35 | L55: =L40/$J47 -> 9.65625 | M55: =M40/$J47 -> 4.703125 | N55: =N40/$J47 -> 6.40625 | O55: =O40 -> 0.0241 | P55: =P40 -> 0.0395
A56: =A55+1 -> 53 | B56: 03/22/12 | C56: 23.48 | D56: 24.06 | E56: 23.48 | F56: 23.82 | G56: 1582000 | I56: Genting Plantations | J56: =J41 -> 11.46 | K56: =K41 -> 25.34 | L56: =L41 -> 9.32 | M56: =M41 -> 10.18 | N56: =N41 -> 11.76 | O56: =O41 -> 0.014 | P56: =P41 -> 0.0611
A57: =A56+1 -> 54 | B57: 03/23/12 | C57: 23.82 | D57: 24 | E57: 23.82 | F57: 23.9 | G57: 1144700 | I57: Golden Agri-Resources | J57: =J42/$J47 -> 1.125 | K57: =K42 -> 9.78 | L57: =L42/$J47 -> 14.65625 | M57: =M42/$J47 -> 1.015625 | N57: =N42/$J47 -> 1.40625 | O57: =O42 -> 0.0706 | P57: =P42 -> -0.1628
A58: =A57+1 -> 55 | B58: 03/26/12 | C58: 23.9 | D58: 23.94 | E58: 23.82 | F58: 23.86 | G58: 677700 | I58: IOI Corp | J58: =J43 -> 4.55 | K58: =K43 -> 80.39 | L58: =L43 -> 29.47 | M58: =M43 -> 4.1 | N58: =N43 -> 4.81 | O58: =O43 -> 0.0198 | P58: =P43 -> 0.0341
A59: =A58+1 -> 56 | B59: 03/27/12 | C59: 23.9 | D59: 24.12 | E59: 23.88 | F59: 24.06 | G59: 1160000
A60: =A59+1 -> 57 | B60: 03/28/12 | C60: 24.2 | D60: 24.2 | E60: 24.06 | F60: 24.14 | G60: 862500
A61: =A60+1 -> 58 | B61: 03/29/12 | C61: 24.14 | D61: 24.2 | E61: 24.04 | F61: 24.14 | G61: 1075600
A62: =A61+1 -> 59 | B62: 03/30/12 | C62: 24.14 | D62: 24.76 | E62: 24.1 | F62: 24.6 | G62: 2876900
A63: =A62+1 -> 60 | B63: 40943 | C63: 24.54 | D63: 24.64 | E63: 24.54 | F63: 24.6 | G63: 2140900
A64: =A63+1 -> 61 | B64: 40972 | C64: 24.6 | D64: 24.9 | E64: 24.38 | F64: 24.6 | G64: 882600
A65: =A64+1 -> 62 | B65: 41003 | C65: 24.62 | D65: 24.66 | E65: 24.6 | F65: 24.6 | G65: 1186900
A66: =A65+1 -> 63 | B66: 41033 | C66: 24.38 | D66: 24.8 | E66: 24.38 | F66: 24.6 | G66: 908400
A67: =A66+1 -> 64 | B67: 41064 | C67: 24.6 | D67: 24.64 | E67: 24.48 | F67: 24.64 | G67: 169700
A68: =A67+1 -> 65 | B68: 41156 | C68: 24.34 | D68: 24.52 | E68: 24.34 | F68: 24.5 | G68: 440400
A69: =A68+1 -> 66 | B69: 41186 | C69: 24.5 | D69: 24.68 | E69: 24.48 | F69: 24.5 | G69: 860100
A70: =A69+1 -> 67 | B70: 41247 | C70: 24.5 | D70: 24.5 | E70: 24.32 | F70: 24.32 | G70: 1116600
A71: =A70+1 -> 68 | B71: 04/13/12 | C71: 24.32 | D71: 24.34 | E71: 24.26 | F71: 24.3 | G71: 1210400
A72: =A71+1 -> 69 | B72: 04/16/12 | C72: 24.48 | D72: 24.74 | E72: 24.12 | F72: 24.32 | G72: 1681900
A73: =A72+1 -> 70 | B73: 04/17/12 | C73: 24.4 | D73: 24.4 | E73: 24.28 | F73: 24.32 | G73: 1086200
A74: =A73+1 -> 71 | B74: 04/18/12 | C74: 24.3 | D74: 24.3 | E74: 24.18 | F74: 24.2 | G74: 783200
A75: =A74+1 -> 72 | B75: 04/19/12 | C75: 24.26 | D75: 24.26 | E75: 23.74 | F75: 23.8 | G75: 783800
A76: =A75+1 -> 73 | B76: 04/20/12 | C76: 24.18 | D76: 24.22 | E76: 24.06 | F76: 24.12 | G76: 1053300
A77: =A76+1 -> 74 | B77: 04/23/12 | C77: 24.12 | D77: 24.2 | E77: 23.8 | F77: 24 | G77: 651500
A78: =A77+1 -> 75 | B78: 04/24/12 | C78: 23.86 | D78: 24 | E78: 23.86 | F78: 23.98 | G78: 846200
A79: =A78+1 -> 76 | B79: 04/25/12 | C79: 23.88 | D79: 23.94 | E79: 23.8 | F79: 23.82 | G79: 1089800
A80: =A79+1 -> 77 | B80: 04/26/12 | C80: 23.68 | D80: 23.88 | E80: 23.68 | F80: 23.82 | G80: 997000
A81: =A80+1 -> 78 | B81: 04/27/12 | C81: 23.78 | D81: 24.06 | E81: 23.7 | F81: 23.7 | G81: 219100
A82: =A81+1 -> 79 | B82: 04/30/12 | C82: 23.8 | D82: 23.86 | E82: 23.64 | F82: 23.64 | G82: 956800
A83: =A82+1 -> 80 | B83: 40944 | C83: 23.74 | D83: 23.76 | E83: 23.7 | F83: 23.74 | G83: 635200
A84: =A83+1 -> 81 | B84: 40973 | C84: 23.74 | D84: 23.76 | E84: 23.7 | F84: 23.72 | G84: 618200
A85: =A84+1 -> 82 | B85: 41004 | C85: 23.78 | D85: 23.8 | E85: 23.62 | F85: 23.76 | G85: 1186000
A86: =A85+1 -> 83 | B86: 41095 | C86: 23.5 | D86: 23.76 | E86: 23.5 | F86: 23.7 | G86: 719400
A87: =A86+1 -> 84 | B87: 41126 | C87: 23.72 | D87: 23.72 | E87: 23.66 | F87: 23.68 | G87: 629600
A88: =A87+1 -> 85 | B88: 41157 | C88: 23.74 | D88: 23.74 | E88: 23.52 | F88: 23.64 | G88: 333600
A89: =A88+1 -> 86 | B89: 41187 | C89: 23.64 | D89: 23.64 | E89: 23.5 | F89: 23.5 | G89: 727900
A90: =A89+1 -> 87 | B90: 41218 | C90: 23.54 | D90: 23.6 | E90: 17 | F90: 23.46 | G90: 1318800
A91: =A90+1 -> 88 | B91: 05/14/12 | C91: 23.66 | D91: 24.08 | E91: 23.14 | F91: 23.2 | G91: 579400
A92: =A91+1 -> 89 | B92: 05/15/12 | C92: 23 | D92: 23.08 | E92: 22.84 | F92: 22.9 | G92: 709700
A93: =A92+1 -> 90 | B93: 05/16/12 | C93: 22.84 | D93: 22.84 | E93: 22.16 | F93: 22.26 | G93: 1632100
A94: =A93+1 -> 91 | B94: 05/17/12 | C94: 21.94 | D94: 22.36 | E94: 21.94 | F94: 22.16 | G94: 1686200
A95: =A94+1 -> 92 | B95: 05/18/12 | C95: 22.02 | D95: 22.36 | E95: 21.5 | F95: 22.1 | G95: 1069300
A96: =A95+1 -> 93 | B96: 05/21/12 | C96: 22 | D96: 22.44 | E96: 21.76 | F96: 22.04 | G96: 1176100
A97: =A96+1 -> 94 | B97: 05/22/12 | C97: 22.12 | D97: 22.12 | E97: 21.96 | F97: 22.08 | G97: 3236200
A98: =A97+1 -> 95 | B98: 05/23/12 | C98: 21.94 | D98: 22.1 | E98: 21.94 | F98: 22 | G98: 934100
A99: =A98+1 -> 96 | B99: 05/24/12 | C99: 22 | D99: 22.2 | E99: 22 | F99: 22.16 | G99: 1684500
A100: =A99+1 -> 97 | B100: 05/25/12 | C100: 21.9 | D100: 22.06 | E100: 21.88 | F100: 22.02 | G100: 2909100
A101: =A100+1 -> 98 | B101: 05/28/12 | C101: 21.8 | D101: 22.1 | E101: 21.8 | F101: 22.08 | G101: 1956000
...

Sheet Segmental
A1: Source: Annual Report 2016 pg 19 | J1: RM' m | L1: Percentage (%)
B2: 2012 | C2: =B2+1 -> 2013 | D2: =C2+1 -> 2014 | E2: =D2+1 -> 2015 | F2: =E2+1 -> 2016 | J2: Revenue | K2: Profit | L2: Revenue | M2: Profit
A3: Revenue | B3: =SUM(B4:B10) -> 10570.188 | C3: =SUM(C4:C10) -> 9147.325 | D3: =SUM(D4:D10) -> 11129.973 | E3: =SUM(E4:E10) -> 13649.991 | F3: =SUM(F4:F10) -> 16505.81 | I3: Palm Products | J3: =F4 -> 8345.079 | K3: =F13 -> 817.16 | L3: =J3/J$10 -> 0.50558434 | M3: =K3/K$10 -> 0.60981589
A4: - Palm Products | B4: 4487.975 | C4: 3952.232 | D4: 5089.772 | E4: 6976.697 | F4: 8345.079 | I4: Rubber | J4: =F5 -> 109.991 | K4: =F14 -> 10.117 | L4: =J4/J$10 -> 0.0066637748 | M4: =K4/K$10 -> 0.007549938
A5: - Rubber | B5: 258.484 | C5: 178.542 | D5: 145.158 | E5: 109.55 | F5: 109.991 | I5: Manufacturing | J5: =F6 -> 7738.841 | K5: =F15 -> 370.61 | L5: =J5/J$10 -> 0.46885557 | M5: =K5/K$10 -> 0.27657236
A6: - Manufacturing | B6: 5057.812 | C6: 4696.734 | D6: 5634.338 | E6: 6241.324 | F6: 7738.841 | I6: Retailing | J6: =F7 -> 0 | K6: =F16 -> 0 | L6: =J6/J$10 -> 0 | M6: =K6/K$10 -> 0
A7: - Retailing | B7: 502.777 | I7: Property Dev | J7: =F8 -> 110.693 | K7: =F17 -> 25.219 | L7: =J7/J$10 -> 0.0067063052 | M7: =K7/K$10 -> 0.018819995
A8: - Property Dev | B8: 172.516 | C8: 208.589 | D8: 117.063 | E8: 123.275 | F8: 110.693 | I8: Investment Income | J8: =F9 -> 122.542 | K8: =SUM(F18:F19) -> 116.455 | L8: =J8/J$10 -> 0.0074241737 | M8: =K8/K$10 -> 0.086906003
A9: - Investment Inc | B9: 62.922 | C9: 79.75 | D9: 78.799 | E9: 125.846 | F9: 122.542 | I9: Others | J9: =F10 -> 78.664 | K9: =F20 -> 0.45 | L9: =J9/J$10 -> 0.004765837 | M9: =K9/K$10 -> 0.00033581814
A10: - Others | B10: 27.702 | C10: 31.478 | D10: 64.843 | E10: 73.299 | F10: 78.664 | I10: Total | J10: =SUM(J3:J9) -> 16505.81 | K10: =SUM(K3:K9) -> 1340.011 | L10: =SUM(L3:L9) -> 1 | M10: =SUM(M3:M9) -> 1
A12: Group Profit
A13: - Palm Products | B13: 1069.504 | C13: 734.689 | D13: 985.875 | E13: 775.606 | F13: 817.16 | J13: 2012 | K13: =J13+1 -> 2013 | L13: =K13+1 -> 2014 | M13: =L13+1 -> 2015 | N13: =M13+1 -> 2016
A14: - Rubber | B14: 109.34 | C14: 45.804 | D14: 20.589 | E14: 4.721 | F14: 10.117 | I14: % of Total Revenue
A15: - Manufacturing | B15: 187.736 | C15: 329.275 | D15: 288.077 | E15: 218.912 | F15: 370.61 | I15: =A33 -> - Palm Products | J15: =B33 -> 0.424588 | K15: =C33 -> 0.43206424 | L15: =D33 -> 0.45730318 | M15: =E33 -> 0.51111367 | N15: =F33 -> 0.50558434
A16: - Retailing | B16: 27.744 | I16: =A35 -> - Manufacturing | J16: =B35 -> 0.47849783 | K16: =C35 -> 0.51345437 | L16: =D35 -> 0.50623106 | M16: =E35 -> 0.45724015 | N16: =F35 -> 0.46885557
A17: - Property Dev | B17: 36.879 | C17: 80.807 | D17: 45.672 | E17: 49.448 | F17: 25.219 | I17: =A34 -> - Rubber | J17: =B34 -> 0.024454059 | K17: =C34 -> 0.019518493 | L17: =D34 -> 0.01304208 | M17: =E34 -> 0.0080256463 | N17: =F34 -> 0.0066637748
A18: - Investment Holding | B18: 35.127 | C18: 59.117 | D18: 33.662 | E18: 70.714 | F18: 60.006 | I18: =A36 -> - Retailing | J18: =B36 -> 0.047565568 | K18: =C36 -> 0 | L18: =D36 -> 0 | M18: =E36 -> 0 | N18: =F36 -> 0
A19: - Interest Income | B19: 27.442 | C19: 29.363 | D19: 36.109 | E19: 43.302 | F19: 56.449 | I19: =A37 -> - Property Dev | J19: =B37 -> 0.016320996 | K19: =C37 -> 0.022803279 | L19: =D37 -> 0.010517815 | M19: =E37 -> 0.0090311415 | N19: =F37 -> 0.0067063052
A20: - Others | B20: 4.404 | C20: -9.065 | D20: 21.279 | E20: 14.987 | F20: 0.45 | I20: =A38 -> - Investment Inc | J20: =B38 -> 0.0059527796 | K20: =C38 -> 0.0087183958 | L20: =D38 -> 0.0070798914 | M20: =E38 -> 0.0092194933 | N20: =F38 -> 0.0074241737
A21: - Share of Associate | B21: 10.567 | C21: 13.432 | D21: 5.878 | E21: 11.882 | F21: 0.865 | I21: =A39 -> - Others | J21: =B39 -> 0.002620767 | K21: =C39 -> 0.0034412246 | L21: =D39 -> 0.00582598 | M21: =E39 -> 0.0053698937 | N21: =F39 -> 0.004765837
A22: - Share of JV | E22: -14.25 | F22: 4.137 | I22: % Segmental Growth
A23: - Corporate | B23: 117.918 | C23: -2.753 | D23: -32.069 | E23: 63.783 | F23: 525.047 | I23: =A53 -> - Palm Products | K23: =C53 -> -0.11937299 | L23: =D53 -> 0.28782217 | M23: =E53 -> 0.37072879 | N23: =F53 -> 0.19613608
I24: =A55 -> - Manufacturing | K24: =C55 -> -0.071390158 | L24: =D55 -> 0.19962893 | M24: =E55 -> 0.10772978 | N24: =F55 -> 0.23993579
A25: Finance Cost | B25: -66.225 | C25: -80.902 | D25: -87.375 | E25: -104.507 | F25: -157.776 | I25: =A54 -> - Rubber | K25: =C54 -> -0.30927253 | L25: =D54 -> -0.18698121 | M25: =E54 -> -0.24530512 | N25: =F54 -> 0.0040255591
A26: Profit Before Tax | B26: =SUM(B13:B23,B25) -> 1560.436 | C26: =SUM(C13:C23,C25) -> 1199.767 | D26: =SUM(D13:D23,D25) -> 1317.697 | E26: =SUM(E13:E23,E25) -> 1134.598 | F26: =SUM(F13:F23,F25) -> 1712.284 | I26: =A56 -> - Retailing | K26: =C56 -> -1 | L26: =D56 -> 0 | M26: =E56 -> 0 | N26: =F56 -> 0
A27: Tax Expense | B27: -300.347 | C27: -232.797 | D27: -285.003 | E27: -250.56 | F27: -29.144 | I27: =A57 -> - Property Dev | K27: =C57 -> 0.20909945 | L27: =D57 -> -0.43878632 | M27: =E57 -> 0.053065443 | N27: =F57 -> -0.10206449
A28: Profit for the Year | B28: =SUM(B26:B27) -> 1260.089 | C28: =SUM(C26:C27) -> 966.97 | D28: =SUM(D26:D27) -> 1032.694 | E28: =SUM(E26:E27) -> 884.038 | F28: =SUM(F26:F27) -> 1683.14 | I28: =A58 -> - Investment Inc | K28: =C58 -> 0.26744223 | L28: =D58 -> -0.011924765 | M28: =E58 -> 0.59705072 | N28: =F58 -> -0.026254311
I29: =A59 -> - Others | K29: =C59 -> 0.13630785 | L29: =D59 -> 1.0599466 | M29: =E59 -> 0.13040729 | N29: =F59 -> 0.073193359
A30: =SUM(A28:A29) -> 0 | I30: Total Growth | K30: =C60 -> -0.13461095 | L30: =D60 -> 0.21674621 | M30: =E60 -> 0.22641726 | N30: =F60 -> 0.20921765
A31: Analysis | J31: 2012 | K31: =J31+1 -> 2013 | L31: =K31+1 -> 2014 | M31: =L31+1 -> 2015 | N31: =M31+1 -> 2016
A32: % to Total Revenue | B32: =SUM(B33:B39) -> 1 | C32: =SUM(C33:C39) -> 1 | D32: =SUM(D33:D39) -> 1 | E32: =SUM(E33:E39) -> 1 | F32: =SUM(F33:F39) -> 1 | I32: % EBIT Margin
A33: - Palm Products | B33: =B4/B$3 -> 0.424588 | C33: =C4/C$3 -> 0.43206424 | D33: =D4/D$3 -> 0.45730318 | E33: =E4/E$3 -> 0.51111367 | F33: =F4/F$3 -> 0.50558434 | I33: =A63 -> - Palm Products | J33: =B63 -> 0.23830436 | K33: =C63 -> 0.18589217 | L33: =D63 -> 0.19369728 | M33: =E63 -> 0.11117095 | N33: =F63 -> 0.097921182
A34: - Rubber | B34: =B5/B$3 -> 0.024454059 | C34: =C5/C$3 -> 0.019518493 | D34: =D5/D$3 -> 0.01304208 | E34: =E5/E$3 -> 0.0080256463 | F34: =F5/F$3 -> 0.0066637748 | I34: =A65 -> - Manufacturing | J34: =B65 -> 0.037118027 | K34: =C65 -> 0.070107228 | L34: =D65 -> 0.051128811 | M34: =E65 -> 0.035074609 | N34: =F65 -> 0.0478896
A35: - Manufacturing | B35: =B6/B$3 -> 0.47849783 | C35: =C6/C$3 -> 0.51345437 | D35: =D6/D$3 -> 0.50623106 | E35: =E6/E$3 -> 0.45724015 | F35: =F6/F$3 -> 0.46885557 | I35: =A64 -> - Rubber | J35: =B64 -> 0.42300491 | K35: =C64 -> 0.25654468 | L35: =D64 -> 0.14183855 | M35: =E64 -> 0.043094477 | N35: =F64 -> 0.091980253
A36: - Retailing | B36: =B7/B$3 -> 0.047565568 | C36: =C7/C$3 -> 0 | D36: =D7/D$3 -> 0 | E36: =E7/E$3 -> 0 | F36: =F7/F$3 -> 0 | I36: =A66 -> - Retailing | J36: =B66 -> 0.055181522 | K36: N/A | L36: N/A | M36: N/A | N36: N/A
A37: - Property Dev | B37: =B8/B$3 -> 0.016320996 | C37: =C8/C$3 -> 0.022803279 | D37: =D8/D$3 -> 0.010517815 | E37: =E8/E$3 -> 0.0090311415 | F37: =F8/F$3 -> 0.0067063052 | I37: =A67 -> - Property Dev | J37: =B67 -> 0.21377148 | K37: =C67 -> 0.38739818 | L37: =D67 -> 0.39014889 | M37: =E67 -> 0.40111945 | N37: =F67 -> 0.22782832
A38: - Investment Inc | B38: =B9/B$3 -> 0.0059527796 | C38: =C9/C$3 -> 0.0087183958 | D38: =D9/D$3 -> 0.0070798914 | E38: =E9/E$3 -> 0.0092194933 | F38: =F9/F$3 -> 0.0074241737 | I38: =A68 -> - Investment Income | J38: =B68 -> 0.99438988 | K38: =C68 -> 1.1094671 | L38: =D68 -> 0.88543002 | M38: =E68 -> 0.90599622 | N38: =F68 -> 0.95032723
A39: - Others | B39: =B10/B$3 -> 0.002620767 | C39: =C10/C$3 -> 0.0034412246 | D39: =D10/D$3 -> 0.00582598 | E39: =E10/E$3 -> 0.0053698937 | F39: =F10/F$3 -> 0.004765837 | I39: =A69 -> - Others | J39: =B69 -> 0.15897769 | K39: =C69 -> -0.28797891 | L39: =D69 -> 0.32816187 | M39: =E69 -> 0.20446391 | N39: =F69 -> 0.0057205329
I40: % Contribution to GP
A41: Total Profit for Segment | B41: =SUM(B13:B20) -> 1498.176 | C41: =SUM(C13:C20) -> 1269.99 | D41: =SUM(D13:D20) -> 1431.263 | E41: =SUM(E13:E20) -> 1177.69 | F41: =SUM(F13:F20) -> 1340.011 | I41: - Palm Products | J41: =B43 -> 0.71387073 | K41: =C43 -> 0.57849983 | L41: =D43 -> 0.6888147 | M41: =E43 -> 0.65858248 | N41: =F43 -> 0.60981589
A42: % to Group Profit | B42: =SUM(B43:B50) -> 1 | C42: =SUM(C43:C50) -> 1 | D42: =SUM(D43:D50) -> 1 | E42: =SUM(E43:E50) -> 1 | F42: =SUM(F43:F50) -> 1 | I42: - Manufacturing | J42: =B45 -> 0.12530971 | K42: =C45 -> 0.2592737 | L42: =D45 -> 0.20127468 | M42: =E45 -> 0.18588253 | N42: =F45 -> 0.27657236
A43: - Palm Products | B43: =B13/B$41 -> 0.71387073 | C43: =C13/C$41 -> 0.57849983 | D43: =D13/D$41 -> 0.6888147 | E43: =E13/E$41 -> 0.65858248 | F43: =F13/F$41 -> 0.60981589 | I43: - Rubber | J43: =B44 -> 0.07298208 | K43: =C44 -> 0.036066426 | L43: =D44 -> 0.014385197 | M43: =E44 -> 0.004008695 | N43: =F44 -> 0.007549938
A44: - Rubber | B44: =B14/B$41 -> 0.07298208 | C44: =C14/C$41 -> 0.036066426 | D44: =D14/D$41 -> 0.014385197 | E44: =E14/E$41 -> 0.004008695 | F44: =F14/F$41 -> 0.007549938 | I44: - Retailing | J44: =B46 -> 0.018518519 | K44: =C46 -> 0 | L44: =D46 -> 0 | M44: =E46 -> 0 | N44: =F46 -> 0
A45: - Manufacturing | B45: =B15/B$41 -> 0.12530971 | C45: =C15/C$41 -> 0.2592737 | D45: =D15/D$41 -> 0.20127468 | E45: =E15/E$41 -> 0.18588253 | F45: =F15/F$41 -> 0.27657236 | I45: - Property Dev | J45: =B47 -> 0.024615933 | K45: =C47 -> 0.06362806 | L45: =D47 -> 0.031910278 | M45: =E47 -> 0.04198728 | N45: =F47 -> 0.018819995
A46: - Retailing | B46: =B16/B$41 -> 0.018518519 | C46: =C16/C$41 -> 0 | D46: =D16/D$41 -> 0 | E46: =E16/E$41 -> 0 | F46: =F16/F$41 -> 0 | I46: - Investment Inc | J46: =SUM(B18:B19)/B41 -> 0.041763451 | K46: =SUM(C18:C19)/C41 -> 0.06966984 | L46: =SUM(D18:D19)/D41 -> 0.048747854 | M46: =SUM(E18:E19)/E41 -> 0.096813253 | N46: =SUM(F18:F19)/F41 -> 0.086906003
A47: - Property Dev | B47: =B17/B$41 -> 0.024615933 | C47: =C17/C$41 -> 0.06362806 | D47: =D17/D$41 -> 0.031910278 | E47: =E17/E$41 -> 0.04198728 | F47: =F17/F$41 -> 0.018819995 | I47: - Others | J47: =B50 -> 0.0029395745 | K47: =C50 -> -0.0071378515 | L47: =D50 -> 0.014867289 | M47: =E50 -> 0.01272576 | N47: =F50 -> 0.00033581814
A48: - Investment Holding | B48: =B18/B$41 -> 0.023446511 | C48: =C18/C$41 -> 0.046549185 | D48: =D18/D$41 -> 0.023519088 | E48: =E18/E$41 -> 0.060044664 | F48: =F18/F$41 -> 0.044780229
A49: - Interest Income | B49: =B19/B$41 -> 0.01831694 | C49: =C19/C$41 -> 0.023120654 | D49: =D19/D$41 -> 0.025228766 | E49: =E19/E$41 -> 0.036768589 | F49: =F19/F$41 -> 0.042125774
A50: - Others | B50: =B20/B$41 -> 0.0029395745 | C50: =C20/C$41 -> -0.0071378515 | D50: =D20/D$41 -> 0.014867289 | E50: =E20/E$41 -> 0.01272576 | F50: =F20/F$41 -> 0.00033581814
A52: % Growth Revenue
A53: =A4 -> - Palm Products | C53: =C4/B4 - 1 -> -0.11937299 | D53: =D4/C4 - 1 -> 0.28782217 | E53: =E4/D4 - 1 -> 0.37072879 | F53: =F4/E4 - 1 -> 0.19613608
A54: =A5 -> - Rubber | C54: =C5/B5 - 1 -> -0.30927253 | D54: =D5/C5 - 1 -> -0.18698121 | E54: =E5/D5 - 1 -> -0.24530512 | F54: =F5/E5 - 1 -> 0.0040255591
A55: =A6 -> - Manufacturing | C55: =C6/B6 - 1 -> -0.071390158 | D55: =D6/C6 - 1 -> 0.19962893 | E55: =E6/D6 - 1 -> 0.10772978 | F55: =F6/E6 - 1 -> 0.23993579
A56: =A7 -> - Retailing | C56: =C7/B7 - 1 -> -1 | D56: 0 | E56: 0 | F56: 0
A57: =A8 -> - Property Dev | C57: =C8/B8 - 1 -> 0.20909945 | D57: =D8/C8 - 1 -> -0.43878632 | E57: =E8/D8 - 1 -> 0.053065443 | F57: =F8/E8 - 1 -> -0.10206449
A58: =A9 -> - Investment Inc | C58: =C9/B9 - 1 -> 0.26744223 | D58: =D9/C9 - 1 -> -0.011924765 | E58: =E9/D9 - 1 -> 0.59705072 | F58: =F9/E9 - 1 -> -0.026254311
A59: =A10 -> - Others | C59: =C10/B10 - 1 -> 0.13630785 | D59: =D10/C10 - 1 -> 1.0599466 | E59: =E10/D10 - 1 -> 0.13040729 | F59: =F10/E10 - 1 -> 0.073193359
A60: Total Growth | C60: =C3/B3 - 1 -> -0.13461095 | D60: =D3/C3 - 1 -> 0.21674621 | E60: =E3/D3 - 1 -> 0.22641726 | F60: =F3/E3 - 1 -> 0.20921765
A62: % Margin of Group Profit
A63: - Palm Products | B63: =B13/B4 -> 0.23830436 | C63: =C13/C4 -> 0.18589217 | D63: =D13/D4 -> 0.19369728 | E63: =E13/E4 -> 0.11117095 | F63: =F13/F4 -> 0.097921182
A64: - Rubber | B64: =B14/B5 -> 0.42300491 | C64: =C14/C5 -> 0.25654468 | D64: =D14/D5 -> 0.14183855 | E64: =E14/E5 -> 0.043094477 | F64: =F14/F5 -> 0.091980253
A65: - Manufacturing | B65: =B15/B6 -> 0.037118027 | C65: =C15/C6 -> 0.070107228 | D65: =D15/D6 -> 0.051128811 | E65: =E15/E6 -> 0.035074609 | F65: =F15/F6 -> 0.0478896
A66: - Retailing | B66: =B16/B7 -> 0.055181522
A67: - Property Dev | B67: =B17/B8 -> 0.21377148 | C67: =C17/C8 -> 0.38739818 | D67: =D17/D8 -> 0.39014889 | E67: =E17/E8 -> 0.40111945 | F67: =F17/F8 -> 0.22782832
A68: - Investment Income | B68: =SUM(B18:B19)/B9 -> 0.99438988 | C68: =SUM(C18:C19)/C9 -> 1.1094671 | D68: =SUM(D18:D19)/D9 -> 0.88543002 | E68: =SUM(E18:E19)/E9 -> 0.90599622 | F68: =SUM(F18:F19)/F9 -> 0.95032723
A69: - Others | B69: =B20/B10 -> 0.15897769 | C69: =C20/C10 -> -0.28797891 | D69: =D20/D10 -> 0.32816187 | E69: =E20/E10 -> 0.20446391 | F69: =F20/F10 -> 0.0057205329
A72: Source: Annual Report 2016 pg 147
A73: Geographical Customers
B74: Revenue (RM' m) | J74: 2016
A75: Country | B75: 2012 | C75: 2013 | D75: 2014 | E75: 2015 | F75: 2016 | G75: CAGR | I75: Country | J75: Revenue | K75: %
A76: Malaysia | B76: 2192.381 | C76: 2180.814 | D76: 2080.15 | E76: 1971.249 | F76: 2242.078 | I76: =A76 -> Malaysia | J76: =F76 -> 2242.078 | K76: =F92 -> 0.13583568
A77: Far East | B77: 2081.043 | C77: 1374.649 | D77: 2621.778 | E77: 3944.472 | F77: 4686.69 | I77: =A77 -> Far East | J77: =F77 -> 4686.69 | K77: =F93 -> 0.28394184
A78: Middle East | B78: 168.64 | C78: 188.014 | D78: 194 | E78: 212.514 | F78: 256.448 | I78: =A78 -> Middle East | J78: =F78 -> 256.448 | K78: =F94 -> 0.015536832
A79: South East Asia | B79: 2321.182 | C79: 2003.975 | D79: 2051.174 | E79: 2607.684 | F79: 3557.706 | I79: =A79 -> South East Asia | J79: =F79 -> 3557.706 | K79: =F95 -> 0.21554265
A80: Southern Asia | B80: 641.449 | C80: 576.625 | D80: 651.756 | E80: 1078.958 | F80: 1094.233 | I80: =A80 -> Southern Asia | J80: =F80 -> 1094.233 | K80: =F96 -> 0.066293808
A81: Europe | B81: 2215.939 | C81: 2108.478 | D81: 2571.431 | E81: 3104.295 | F81: 3790.71 | I81: =A81 -> Europe | J81: =F81 -> 3790.71 | K81: =F97 -> 0.22965913
A82: North America | B82: 549.321 | C82: 292.947 | D82: 451.186 | E82: 349.376 | F82: 328.238 | I82: =A82 -> North America | J82: =F82 -> 328.238 | K82: =F98 -> 0.01988621
A83: South America | B83: 45.081 | C83: 48.335 | D83: 54.076 | E83: 78.761 | F83: 101.724 | I83: =A83 -> South America | J83: =F83 -> 101.724 | K83: =F99 -> 0.0061629208
A84: Australia | B84: 96.081 | C84: 59.089 | D84: 72.88 | E84: 103.093 | F84: 96.202 | I84: =A84 -> Australia | J84: =F84 -> 96.202 | K84: =F100 -> 0.0058283719
A85: Africa | B85: 80.409 | C85: 66.038 | D85: 84.344 | E85: 89.605 | F85: 122.926 | I85: =A85 -> Africa | J85: =F85 -> 122.926 | K85: =F101 -> 0.0074474382
A86: Others | B86: 178.656 | C86: 248.361 | D86: 296.698 | E86: 109.984 | F86: 228.855 | I86: =A86 -> Others | J86: =F86 -> 228.855 | K86: =F102 -> 0.013865118
A87: Total | B87: =SUM(B76:B86) -> 10570.182 | C87: =SUM(C76:C86) -> 9147.325 | D87: =SUM(D76:D86) -> 11129.473 | E87: =SUM(E76:E86) -> 13649.991 | F87: =SUM(F76:F86) -> 16505.81 | I87: =A87 -> Total | J87: =F87 -> 16505.81 | K87: =F103 -> 1
B89: Revenue (RM' m)
A90: Country | B90: 2012 | C90: 2013 | D90: 2014 | E90: 2015 | F90: 2016
A91: % Country
A92: Malaysia | B92: =B76/B$87 -> 0.20741185 | C92: =C76/C$87 -> 0.23841003 | D92: =D76/D$87 -> 0.18690463 | E92: =E76/E$87 -> 0.14441394 | F92: =F76/F$87 -> 0.13583568
A93: Far East | B93: =B77/B$87 -> 0.19687863 | C93: =C77/C$87 -> 0.1502788 | D93: =D77/D$87 -> 0.23557072 | E93: =E77/E$87 -> 0.2889725 | F93: =F77/F$87 -> 0.28394184
A94: Middle East | B94: =B78/B$87 -> 0.015954314 | C94: =C78/C$87 -> 0.020553987 | D94: =D78/D$87 -> 0.017431194 | E94: =E78/E$87 -> 0.015568801 | F94: =F78/F$87 -> 0.015536832
A95: South East Asia | B95: =B79/B$87 -> 0.21959716 | C95: =C79/C$87 -> 0.21907771 | D95: =D79/D$87 -> 0.18430109 | E95: =E79/E$87 -> 0.19103925 | F95: =F79/F$87 -> 0.21554265
A96: Southern Asia | B96: =B80/B$87 -> 0.060684764 | C96: =C80/C$87 -> 0.063037555 | D96: =D80/D$87 -> 0.058561263 | E96: =E80/E$87 -> 0.079044594 | F96: =F80/F$87 -> 0.066293808
A97: Europe | B97: =B81/B$87 -> 0.20964057 | C97: =C81/C$87 -> 0.23050214 | D97: =D81/D$87 -> 0.23104697 | E97: =E81/E$87 -> 0.22742103 | F97: =F81/F$87 -> 0.22965913
A98: North America | B98: =B82/B$87 -> 0.051968925 | C98: =C82/C$87 -> 0.032025428 | D98: =D82/D$87 -> 0.040539745 | E98: =E82/E$87 -> 0.025595328 | F98: =F82/F$87 -> 0.01988621
A99: South America | B99: =B83/B$87 -> 0.0042649218 | C99: =C83/C$87 -> 0.0052840585 | D99: =D83/D$87 -> 0.0048588105 | E99: =E83/E$87 -> 0.0057700404 | F99: =F83/F$87 -> 0.0061629208
A100: Australia | B100: =B84/B$87 -> 0.0090898151 | C100: =C84/C$87 -> 0.0064597027 | D100: =D84/D$87 -> 0.0065483783 | E100: =E84/E$87 -> 0.0075526057 | F100: =F84/F$87 -> 0.0058283719
A101: Africa | B101: =B85/B$87 -> 0.0076071538 | C101: =C85/C$87 -> 0.0072193783 | D101: =D85/D$87 -> 0.0075784361 | E101: =E85/E$87 -> 0.0065644732 | F101: =F85/F$87 -> 0.0074474382
A102: Others | B102: =B86/B$87 -> 0.016901885 | C102: =C86/C$87 -> 0.027151216 | D102: =D86/D$87 -> 0.026658765 | E102: =E86/E$87 -> 0.0080574412 | F102: =F86/F$87 -> 0.013865118
A103: Total | B103: =SUM(B92:B102) -> 1 | C103: =SUM(C92:C102) -> 1 | D103: =SUM(D92:D102) -> 1 | E103: =SUM(E92:E102) -> 1 | F103: =SUM(F92:F102) -> 1
B105: Revenue (RM' m)
A106: Country | B106: 2013 | C106: 2014 | D106: 2015 | E106: 2016 | F106: CAGR
A107: % Growth
...

Sheet CPO Price
A1: Palm oil - Monthly Price
A2: Month | B2: Price | C2: Change | D2: Return
A3: 39173 | B3: 645.41 | C3: - | D3: =B3/$B$3 -> 1 | E3: 1
A4: 39203 | B4: 740.63 | C4: 0.1475 | D4: =B4/$B$3 -> 1.1475341 | E4: =E3 -> 1
A5: 39234 | B5: 748.43 | C5: 0.0105 | D5: =B5/$B$3 -> 1.1596195 | E5: =E4 -> 1
A6: 39264 | B6: 764.47 | C6: 0.0214 | D6: =B6/$B$3 -> 1.1844719 | E6: =E5 -> 1
A7: 39295 | B7: 729.56 | C7: -0.0457 | D7: =B7/$B$3 -> 1.1303822 | E7: =E6 -> 1
A8: 39326 | B8: 745.18 | C8: 0.0214 | D8: =B8/$B$3 -> 1.1545839 | E8: =E7 -> 1
A9: 39356 | B9: 824.07 | C9: 0.1059 | D9: =B9/$B$3 -> 1.2768163 | E9: =E8 -> 1
A10: 39387 | B10: 877.34 | C10: 0.0646 | D10: =B10/$B$3 -> 1.359353 | E10: =E9 -> 1
A11: 39417 | B11: 883.45 | C11: 0.007 | D11: =B11/$B$3 -> 1.3688198 | E11: =E10 -> 1
A12: 39448 | B12: 987.02 | C12: 0.1172 | D12: =B12/$B$3 -> 1.5292915 | E12: =E11 -> 1
A13: 39479 | B13: 1109.5 | C13: 0.1241 | D13: =B13/$B$3 -> 1.7190623 | E13: =E12 -> 1
A14: 39508 | B14: 1146.86 | C14: 0.0337 | D14: =B14/$B$3 -> 1.776948 | E14: =E13 -> 1
A15: 39539 | B15: 1083.48 | C15: -0.0553 | D15: =B15/$B$3 -> 1.6787468 | E15: =E14 -> 1
... A17: 39600 | B17: 1096.39 | C17: 0.0088 | D17: =B17/$B$3 -> 1.6987496 | E17: =E16 -> 1
A18: 39630 | B18: 1026.25 | C18: -0.064 | D18: =B18/$B$3 -> 1.5900745 | E18: =E17 -> 1 | H18: Return | I18: Price
A19: 39661 | B19: 791.77 | C19: -0.2285 | D19: =B19/$B$3 -> 1.2267706 | E19: =E18 -> 1 | G19: Average | H19: =AVERAGE(D4:D123) -> 1.215437 | I19: =AVERAGE(B4:B123) -> 784.45517
A20: 39692 | B20: 667.04 | C20: -0.1575 | D20: =B20/$B$3 -> 1.0335136 | E20: =E19 -> 1 | G20: Median | H20: =MEDIAN(D4:D123) -> 1.1704033 | I20: =MEDIAN(B4:B123) -> 755.39
A21: 39722 | B21: 486.4 | C21: -0.2708 | D21: =B21/$B$3 -> 0.75362948 | E21: =E20 -> 1 | G21: Min | H21: =MIN(D4:D123) -> 0.67104631 | I21: =MIN(B4:B123) -> 433.1
A22: 39753 | B22: 433.1 | C22: -0.1096 | D22: =B22/$B$3 -> 0.67104631 | E22: =E21 -> 1 | G22: Max | H22: =MAX(D4:D123) -> 1.9345067 | I22: =MAX(B4:B123) -> 1248.55
A23: 39783 | B23: 440.38 | C23: 0.0168 | D23: =B23/$B$3 -> 0.68232596 | E23: =E22 -> 1 | G23: S. Dev | H23: =_xlfn.STDEV.P(D4:D123) -> 0.29219211 | I23: =_xlfn.STDEV.P(B4:B123) -> 188.58371
A24: 39814 | B24: 522.15 | C24: 0.1857 | D24: =B24/$B$3 -> 0.80902062 | E24: =E23 -> 1 | G24: 95 % CI
A25: 39845 | B25: 529.4 | C25: 0.0139 | D25: =B25/$B$3 -> 0.82025379 | E25: =E24 -> 1 | G25: Min | H25: =H$19 - _xlfn.CONFIDENCE.T(0.05, H$23, 120) -> 1.162621 | I25: =I$19 - _xlfn.CONFIDENCE.T(0.05, I$23, 120) -> 750.36724
A26: 39873 | B26: 557.21 | C26: 0.0525 | D26: =B26/$B$3 -> 0.86334268 | E26: =E25 -> 1 | G26: Max | H26: =H$19 + _xlfn.CONFIDENCE.T(0.05, H$23, 120) -> 1.2682529 | I26: =I$19 + _xlfn.CONFIDENCE.T(0.05, I$23, 120) -> 818.5431
A27: 39904 | B27: 693.21 | C27: 0.2441 | D27: =B27/$B$3 -> 1.0740614 | E27: =E26 -> 1
A28: 39934 | B28: 772.39 | C28: 0.1142 | D28: =B28/$B$3 -> 1.1967432 | E28: =E27 -> 1
A29: 39965 | B29: 690.82 | C29: -0.1056 | D29: =B29/$B$3 -> 1.0703584 | E29: =E28 -> 1
A30: 39995 | B30: 601.95 | C30: -0.1286 | D30: =B30/$B$3 -> 0.93266296 | E30: =E29 -> 1
A31: 40026 | B31: 686.79 | C31: 0.1409 | D31: =B31/$B$3 -> 1.0641143 | E31: =E30 -> 1
A32: 40057 | B32: 636.42 | C32: -0.0733 | D32: =B32/$B$3 -> 0.98607087 | E32: =E31 -> 1
A33: 40087 | B33: 636.56 | C33: 0.0002 | D33: =B33/$B$3 -> 0.98628779 | E33: =E32 -> 1
A34: 40118 | B34: 674.33 | C34: 0.0593 | D34: =B34/$B$3 -> 1.0448087 | E34: =E33 -> 1
A35: 40148 | B35: 727.6 | C35: 0.079 | D35: =B35/$B$3 -> 1.1273454 | E35: =E34 -> 1
A36: 40179 | B36: 742 | C36: 0.0198 | D36: =B36/$B$3 -> 1.1496568 | E36: =E35 -> 1
A37: 40210 | B37: 754.32 | C37: 0.0166 | D37: =B37/$B$3 -> 1.1687454 | E37: =E36 -> 1
A38: 40238 | B38: 793.9 | C38: 0.0525 | D38: =B38/$B$3 -> 1.2300708 | E38: =E37 -> 1
... A123: 42826 | B123: 623.21 | C123: -0.0604 | D123: =B123/$B$3 -> 0.96560326 | E123: =E122 -> 1

Sheet Land
A1: Source: Annual Report 2016 pg 17
B2: Unit | C2: 2012 | D2: 2013 | E2: 2014 | F2: 2015 | G2: 2016
A3: Oil Palm
A4: FFB Production | B4: mt
A5: - Own Estates | B5: mt | C5: 3259342 | D5: 3608636 | E5: 3733867 | F5: 3806043 | G5: 3495931
A6: - Sold | B6: mt | C6: 122673 | D6: 142189 | E6: 40630 | F6: 36373 | G6: 58461
A7: - Purchased | B7: mt | C7: 819796 | D7: 940925 | E7: 1052395 | F7: 886918 | G7: 715664
A8: - total processed | B8: mt | C8: 3956465 | D8: 4407372 | E8: 4745632 | F8: 4656588 | G8: 4153114
A9: Yield per mature hectare | B9: mt FFb | C9: 21.33 | D9: 22.51 | E9: 22.39 | F9: 21.96 | G9: 19.82
A10: Profit per mature hectare | B10: RM | C10: 7218 | D10: 4599 | E10: 6307 | F10: 4668 | G10: 4327
A11: Average Selling Price
A12: - Refined Palm producs | B12: RM/mt | C12: 3220 | D12: 2460 | E12: 2519 | F12: 2227 | G12: 2392
A13: - Crude Palm Oil | B13: RM/mt | C13: 2829 | D13: 2275 | E13: 2396 | F13: 2106 | G13: 2270
A14: - Palm Kernel Oil | B14: RM/mt | C14: 3295 | D14: 2225 | E14: 3294 | F14: 3205 | G14: 4191
A15: - Palm Kernel Cake | B15: RM/mt | C15: 286 | D15: 401 | E15: 430 | F15: 262 | G15: 277
A16: - Palm Kernels | B16: RM/mt | C16: 1580 | D16: 1105 | E16: 1576 | F16: 1424 | G16: 1881
A17: - FFB | B17: RM/mt | C17: 506 | D17: 317 | E17: 520 | F17: 462 | G17: 575
A19: Rubber
A20: Production | B20: 000 Kg | C20: 18997 | D20: 17531 | E20: 16547 | F20: 15224 | G20: 16007
A23: Planted Area (Weighted Average)
A24: Oil Palm | C24: =SUM(C25:C26) -> 192424 | D24: =SUM(D25:D26) -> 196232 | E24: =SUM(E25:E26) -> 204781 | F24: =SUM(F25:F26) -> 209249 | G24: =SUM(G25:G26) -> 211574
A25: - Mature | B25: Ha | C25: 152829 | D25: 160328 | E25: 166781 | F25: 173313 | G25: 176391
A26: - Immature | B26: Ha | C26: 39595 | D26: 35904 | E26: 38000 | F26: 35936 | G26: 35183
A27: Rubber | C27: =SUM(C28:C29) -> 19580 | D27: =SUM(D28:D29) -> 18699 | E27: =SUM(E28:E29) -> 16134 | F27: =SUM(F28:F29) -> 14277 | G27: =SUM(G28:G29) -> 13669
A28: - Mature | B28: Ha | C28: 15957 | D28: 15029 | E28: 12456 | F28: 10777 | G28: 10305
A29: - Immature | B29: Ha | C29: 3623 | D29: 3670 | E29: 3678 | F29: 3500 | G29: 3364
A30: Total Planted Area | B30: Ha | C30: =C24+C27 -> 212004 | D30: =D24+D27 -> 214931 | E30: =E24+E27 -> 220915 | F30: =F24+F27 -> 223526 | G30: =G24+G27 -> 225243
A32: Total Mature | C32: =C28+C25 -> 168786 | D32: =D28+D25 -> 175357 | E32: =E28+E25 -> 179237 | F32: =F28+F25 -> 184090 | G32: =G28+G25 -> 186696
A33: Total Immature | C33: =C29+C26 -> 43218 | D33: =D29+D26 -> 39574 | E33: =E29+E26 -> 41678 | F33: =F29+F26 -> 39436 | G33: =G29+G26 -> 38547
A34: % Mature | C34: =C32/C$30 -> 0.79614536 | D34: =D32/D$30 -> 0.81587579 | E34: =E32/E$30 -> 0.8113392 | F34: =F32/F$30 -> 0.8235731 | G34: =G32/G$30 -> 0.82886483
A35: % Immature | C35: =C33/C$30 -> 0.20385464 | D35: =D33/D$30 -> 0.18412421 | E35: =E33/E$30 -> 0.1886608 | F35: =F33/F$30 -> 0.1764269 | G35: =G33/G$30 -> 0.17113517
A37: % Oil Palm | C37: =C24/C30 -> 0.90764325 | D37: =D24/D30 -> 0.91299999 | E37: =E24/E30 -> 0.92696739 | F37: =F24/F30 -> 0.93612824 | G37: =G24/G30 -> 0.93931443
A38: % Rubber | C38: =C27/C30 -> 0.092356748 | D38: =D27/D30 -> 0.087000014 | E38: =E27/E30 -> 0.073032614 | F38: =F27/F30 -> 0.063871764 | G38: =G27/G30 -> 0.060685571
A40: Geographical Location of Oil Palm Planted Areas
A41: Total Land for Oil Palm | B41: ha | G41: 205472
A42: % Malaysia | G42: 0.44
A43: % Indonesia | G43: 0.52
A44: % Liberia | G44: 0.04
A45: Implied Hectarage
A46: Malaysia | B46: ha | G46: =G42*G$41 -> 90407.68
A47: Indonesia | B47: ha | G47: =G43*G$41 -> 106845.44
A48: Liberia | B48: ha | G48: =G44*G$41 -> 8218.88

Sheet Debt
B2: Debt Profile
B3: Source: Annual Report 2016 pg 132
E4: Interest Rates per Annum (2016)
B5: Long Term Debt | C5: 2015 | D5: 2016 | E5: Min | F5: Max | G5: Mean
B7: Secured | C7: =C8 -> 1.286 | D7: =D8 -> 11.424 | E7: =E8 -> 0.0112 | F7: =F8 -> 0.0286 | G7: =G8 -> 0.0199
B8: Term Loan | C8: 1.286 | D8: 11.424 | E8: 0.0112 | F8: 0.0286 | G8: =AVERAGE(E8:F8) -> 0.0199
B9: Unsecured | C9: =SUM(C10:C11) -> 2679.935 | D9: =SUM(D10:D11) -> 2956.384 | E9: =($D10/$D9)*E10 + ($D11/$D9)*E11 -> 0.035472896 | F9: =($D10/$D9)*F10 + ($D11/$D9)*F11 -> 0.044342204 | G9: =($D10/$D9)*G10 + ($D11/$D9)*G11 -> 0.03990755
B10: Term Loans | C10: 279.935 | D10: 356.384 | E10: 0.0112 | F10: 0.0286 | G10: =AVERAGE(E10:F10) -> 0.0199
B11: Islamic Medium Term Notes | C11: 2400 | D11: 2600 | E11: 0.0388 | F11: 0.0465 | G11: =AVERAGE(E11:F11) -> 0.04265
B13: Total LT Debt | C13: =SUM(C7,C9) -> 2681.221 | D13: =SUM(D7,D9) -> 2967.808 | E13: =($D7/$D13)*E7 + ($D9/$D13)*E9 -> 0.035379462 | F13: =($D7/$D13)*F7 + ($D9/$D13)*F9 -> 0.044281607 | G13: =($D7/$D13)*G7 + ($D9/$D13)*G9 -> 0.039830535
B15: Short Term Debt
B16: Secured | C16: =C17 -> 1.001 | D16: =D17 -> 7.899 | E16: =E17 -> 0.0112 | F16: =F17 -> 0.0286 | G16: =G17 -> 0.0199
B17: Term Loan | C17: 1.001 | D17: 7.899 | E17: 0.0112 | F17: 0.0286 | G17: =AVERAGE(E17:F17) -> 0.0199
B18: Unsecured | C18: =SUM(C19:C25) -> 1911.839 | D18: =SUM(D19:D25) -> 1564.323 | E18: =($D19/$D27)*E19 + ($D20/$D27)*E20 + ($D21/$D27)*E21 + ($D22/$D27)*E22 + ($D23/$D27)*E23 + ($D24/$D27)*E24 + ($D25/$D27)*E25 -> 0.024711101 | F18: =($D19/$D27)*F19 + ($D20/$D27)*F20 + ($D21/$D27)*F21 + ($D22/$D27)*F22 + ($D23/$D27)*F23 + ($D24/$D27)*F24 + ($D25/$D27)*F25 -> 0.036036563 | G18: =($D19/$D27)*G19 + ($D20/$D27)*G20 + ($D21/$D27)*G21 + ($D22/$D27)*G22 + ($D23/$D27)*G23 + ($D24/$D27)*G24 + ($D25/$D27)*G25 -> 0.030373832
B19: Bank Overdrafts | C19: 27.168 | D19: 40.71 | E19: 0.0033 | F19: 0.0034 | G19: =AVERAGE(E19:F19) -> 0.00335
B20: Term Loan | C20: 186.623 | D20: 82.459 | E20: 0.0112 | F20: 0.0286 | G20: =AVERAGE(E20:F20) -> 0.0199
B21: Export Credit Refinancing | C21: 135.92 | D21: 287.125 | E21: 0.034 | F21: 0.038 | G21: =AVERAGE(E21:F21) -> 0.036
B22: Bankers' Acceptance | C22: 554.717 | D22: 433.741 | E22: 0.0304 | F22: 0.043 | G22: =AVERAGE(E22:F22) -> 0.0367
B23: Revolving Credit | C23: 193.918 | D23: 126.934 | E23: 0.01 | F23: 0.0453 | G23: =AVERAGE(E23:F23) -> 0.02765
B24: Trade Financing | C24: 813.493 | D24: 293.354 | E24: 0.0066 | F24: 0.0167 | G24: =AVERAGE(E24:F24) -> 0.01165
B25: Islamic Medium Term Notes | C25: 0 | D25: 300 | E25: 0.0388 | F25: 0.0465 | G25: =AVERAGE(E25:F25) -> 0.04265
B27: Total ST Debt | C27: =SUM(C16,C18) -> 1912.84 | D27: =SUM(D16,D18) -> 1572.222 | E27: =($D18/$D27)*E18 + ($D16/$D27)*E16 -> 0.02464322 | F27: =($D18/$D27)*F18 + ($D16/$D27)*F16 -> 0.0359992 | G27: =($D18/$D27)*G18 + ($D16/$D27)*G16 -> 0.03032121
B29: Total Debt | C29: =C27+C13 -> 4594.061 | D29: =D27+D13 -> 4540.03 | E29: =($D13/$D29)*E13 + ($D27/$D29)*E27 -> 0.031661478 | F29: =($D13/$D29)*F13 + ($D27/$D29)*F27 -> 0.041413392 | G29: =($D13/$D29)*G13 + ($D27/$D29)*G27 -> 0.036537435

Sheet Products
B2: Product Name | C2: Description and Uses
B3: Palm Oil
B4: Crude Palm Oil (CPO) | C4: Obtained from mesocrap of fresh fruit bunches. The basic commodity for wide ranging application
B5: RBD Palm Oil | C5: Obtained from refinement of CPO. Used as frying oil for instant noodle and snacks, and margarine, ice cream, condensed milk and soap
B6: RBD Palm Olein | C6: Obtained from fractionating refined palm oil. Used as cooking oil for food industries and margarine
B7: RBD Palm Stearin | C7: Obtained from fractionating refined palm oil. Used for margarine, soap, candels and oleochemical industries
B8: Palm Fatty Acid Distillate | C8: By product from refining crude palm oil. Used for soap, animal feed industries and for oleochemical industries
B9: Palm Kernels
B10: Palm Kernel Oil | C10: Obtained from crushing of oil palm kernel. Used for oleochemical industires and specialty fats
B11: Palm Kernel Expeller Cakes | C11: By product from kernel extraction. Used for animal feed, especially cattle feed.
B12: Oleochemcial
B13: Oleochemcial | C13: Derived from plant and animal fats. Used in production of laundary detergent, toothpase, soap bars, shower cream, shampoo, biodiesel

Sheet Competitor Analysis
B1: Company: Kuala Lumpur Kepong | M1: Company: Astra Agro Lestari | U1: Company: Bumitama Agri | AC1: Company: Felda Global Venture | AK1: Company: First Resources | AS1: Company: Genting Plantations | BA1: Company: Golden Agri-Resources | BI1: Company: IOI Corp
C2: 2012 | D2: =C2+1 -> 2013 | E2: =D2+1 -> 2014 | F2: =E2+1 -> 2015 | G2: =F2+1 -> 2016 | H2: Average | N2: 2012 | O2: =N2+1 -> 2013 | P2: =O2+1 -> 2014 | Q2: =P2+1 -> 2015 | R2: =Q2+1 -> 2016 | S2: Average | V2: 2012 | W2: =V2+1 -> 2013 | X2: =W2+1 -> 2014 | Y2: =X2+1 -> 2015 | Z2: =Y2+1 -> 2016 | AA2: Average | AD2: 2012 | AE2: =AD2+1 -> 2013 | AF2: =AE2+1 -> 2014 | AG2: =AF2+1 -> 2015 | AH2: =AG2+1 -> 2016 | AI2: Average | AL2: 2012 | AM2: =AL2+1 -> 2013 | AN2: =AM2+1 -> 2014 | AO2: =AN2+1 -> 2015 | AP2: =AO2+1 -> 2016 | AQ2: Average | AT2: 2012 | AU2: =AT2+1 -> 2013 | AV2: =AU2+1 -> 2014 | AW2: =AV2+1 -> 2015 | AX2: =AW2+1 -> 2016 | AY2: Average | BB2: 2012 | BC2: =BB2+1 -> 2013 | BD2: =BC2+1 -> 2014 | BE2: =BD2+1 -> 2015 | BF2: =BE2+1 -> 2016 | BG2: Average | BJ2: 2012 | BK2: =BJ2+1 -> 2013 | BL2: =BK2+1 -> 2014 | BM2: =BL2+1 -> 2015 | BN2: =BM2+1 -> 2016 | BO2: Average
B3: Revenue | C3: =Financials!C7 -> 10067 | D3: =Financials!D7 -> 9147 | E3: =Financials!E7 -> 11130 | F3: =Financials!F7 -> 13650 | G3: =Financials!G7 -> 16506 | H3: =AVERAGE(C3:G3) -> 12100 | L3: 1 | M3: Revenue | N3: =N25 -> 11564319 | O3: =O25 -> 12674999 | P3: =P25 -> 16305831 | Q3: =Q25 -> 13059216 | R3: =R25 -> 14121374 | S3: =AVERAGE(N3:R3) -> 13545148 | U3: Revenue | V3: =V25 -> 470394.7 | W3: =W25 -> 486578.2 | X3: =X25 -> 614844.4 | Y3: =Y25 -> 568912.1 | Z3: =Z25 -> 688203 | AA3: =AVERAGE(V3:Z3) -> 565786.48 | AC3: Revenue | AD3: =AD25 -> 12886 | AE3: =AE25 -> 12568 | AF3: =AF25 -> 15258 | AG3: =AG25 -> 15559 | AH3: =AH25 -> 17241 | AI3: =AVERAGE(AD3:AH3) -> 14702.4 | AK3: Revenue | AL3: =AL25 -> 753931.1 | AM3: =AM25 -> 783952 | AN3: =AN25 -> 779862.6 | AO3: =AO25 -> 623919.1 | AP3: =AP25 -> 794195.6 | AQ3: =AVERAGE(AL3:AP3) -> 747172.08 | AS3: Revenue | AT3: =AT25 -> 1233 | AU3: =AU25 -> 1384 | AV3: =AV25 -> 1643 | AW3: =AW25 -> 1375 | AX3: =AX25 -> 1480 | AY3: =AVERAGE(AT3:AX3) -> 1423 | BA3: Revenue | BB3: =BB25 -> 7561 | BC3: =BC25 -> 8240 | BD3: =BD25 -> 9654 | BE3: =BE25 -> 8953 | BF3: =BF25 -> 9953 | BG3: =AVERAGE(BB3:BF3) -> 8872.2 | BI3: Revenue | BJ3: =BJ25 -> 14599 | BK3: =BK25 -> 12199 | BL3: =BL25 -> 11911 | BM3: =BM25 -> 11542 | BN3: =BN25 -> 11739 | BO3: =AVERAGE(BJ3:BN3) -> 12398
B4: Gross Profit | C4: =Financials!C9 -> 2425 | D4: =Financials!D9 -> 2233 | E4: =Financials!E9 -> 2454 | F4: =Financials!F9 -> 2343 | G4: =Financials!G9 -> 2552 | H4: =AVERAGE(C4:G4) -> 2401.4 | M4: Gross Profit | N4: =N26 -> 4817729 | O4: =O26 -> 4564313 | P4: =P26 -> 5643321 | Q4: =Q26 -> 3918202 | R4: =R26 -> 4571076 | S4: =AVERAGE(N4:R4) -> 4702928.2 | U4: Gross Profit | V4: =V26 -> 200531.9 | W4: =W26 -> 204290.1 | X4: =X26 -> 268535.7 | Y4: =Y26 -> 204925.5 | Z4: =Z26 -> 248638.3 | AA4: =AVERAGE(V4:Z4) -> 225384.3 | AC4: Gross Profit | AD4: =AD26 -> 1682 | AE4: =AE26 -> 988 | AF4: =AF26 -> 2623 | AG4: =AG26 -> 2593 | AH4: =AH26 -> 2299 | AI4: =AVERAGE(AD4:AH4) -> 2037 | AK4: Gross Profit | AL4: =AL26 -> 502269.7 | AM4: =AM26 -> 505297.2 | AN4: =AN26 -> 440747.8 | AO4: =AO26 -> 379128.6 | AP4: =AP26 -> 439373.2 | AQ4: =AVERAGE(AL4:AP4) -> 453363.3 | AS4: Gross Profit | AT4: =AT26 -> 573 | AU4: =AU26 -> 594 | AV4: =AV26 -> 760 | AW4: =AW26 -> 560 | AX4: =AX26 -> 731 | AY4: =AVERAGE(AT4:AX4) -> 643.6 | BA4: Gross Profit | BB4: =BB26 -> 2128 | BC4: =BC26 -> 1838 | BD4: =BD26 -> 1810 | BE4: =BE26 -> 1761 | BF4: =BF26 -> 1832 | BG4: =AVERAGE(BB4:BF4) -> 1873.8 | BI4: Gross Profit | BJ4: =BJ26 -> 2706 | BK4: =BK26 -> 2383 | BL4: =BL26 -> 2825 | BM4: =BM26 -> 2445 | BN4: =BN26 -> 2716 | BO4: =AVERAGE(BJ4:BN4) -> 2615
B5: EBITDA | C5: =Financials!C12 -> 1653 | D5: =Financials!D12 -> 1447 | E5: =Financials!E12 -> 1815 | F5: =Financials!F12 -> 1630 | G5: =Financials!G12 -> 1746 | H5: =AVERAGE(C5:G5) -> 1658.2 | M5: EBITDA | N5: =N27 -> 3973578 | O5: =O27 -> 3555893 | P5: =P27 -> 4489281 | Q5: =Q27 -> 2776728 | R5: =R27 -> 3665744 | S5: =AVERAGE(N5:R5) -> 3692244.8 | U5: EBITDA | V5: =V27 -> 170714.8 | W5: =W27 -> 175054 | X5: =X27 -> 231540.3 | Y5: =Y27 -> 165199.2 | Z5: =Z27 -> 208934 | AA5: =AVERAGE(V5:Z5) -> 190288.46 | AC5: EBITDA | AD5: =AD27 -> 1253 | AE5: =AE27 -> 587 | AF5: =AF27 -> 1513 | AG5: =AG27 -> 1223 | AH5: =AH27 -> 1050 | AI5: =AVERAGE(AD5:AH5) -> 1125.2 | AK5: EBITDA | AL5: =AL27 -> 403247.5 | AM5: =AM27 -> 424093.7 | AN5: =AN27 -> 379777.6 | AO5: =AO27 -> 298974.3 | AP5: =AP27 -> 343194.5 | AQ5: =AVERAGE(AL5:AP5) -> 369857.52 | AS5: EBITDA | AT5: =AT27 -> 400 | AU5: =AU27 -> 430 | AV5: =AV27 -> 612 | AW5: =AW27 -> 409 | AX5: =AX27 -> 573 | AY5: =AVERAGE(AT5:AX5) -> 484.8 | BA5: EBITDA | BB5: =BB27 -> 919 | BC5: =BC27 -> 778 | BD5: =BD27 -> 640 | BE5: =BE27 -> 658 | BF5: =BF27 -> 722 | BG5: =AVERAGE(BB5:BF5) -> 743.4 | BI5: EBITDA | BJ5: =BJ27 -> 1910 | BK5: =BK27 -> 1512 | BL5: =BL27 -> 2006 | BM5: =BM27 -> 1726 | BN5: =BN27 -> 1966 | BO5: =AVERAGE(BJ5:BN5) -> 1824
B6: EBT | C6: =Financials!C21 -> 1391 | D6: =Financials!D21 -> 1186 | E6: =Financials!E21 -> 1311 | F6: =Financials!F21 -> 1137 | G6: =Financials!G21 -> 1706 | H6: =AVERAGE(C6:G6) -> 1346.2 | M6: EBT | N6: =N28 -> 3524893 | O6: =O28 -> 2605071 | P6: =P28 -> 3681837 | Q6: =Q28 -> 1175513 | R6: =R28 -> 2208778 | S6: =AVERAGE(N6:R6) -> 2639218.4 | U6: EBT | V6: =V28 -> 156313 | W6: =W28 -> 153776.2 | X6: =X28 -> 194579.7 | Y6: =Y28 -> 102855.7 | Z6: =Z28 -> 157335.4 | AA6: =AVERAGE(V6:Z6) -> 152972 | AC6: EBT | AD6: =AD28 -> 953 | AE6: =AE28 -> 1539 | AF6: =AF28 -> 940 | AG6: =AG28 -> 393 | AH6: =AH28 -> 253 | AI6: =AVERAGE(AD6:AH6) -> 815.6 | AK6: EBT | AL6: =AL28 -> 407716.7 | AM6: =AM28 -> 392370.2 | AN6: =AN28 -> 319211.7 | AO6: =AO28 -> 199182.8 | AP6: =AP28 -> 252758 | AQ6: =AVERAGE(AL6:AP6) -> 314247.88 | AS6: EBT | AT6: =AT28 -> 404 | AU6: =AU28 -> 300 | AV6: =AV28 -> 520 | AW6: =AW28 -> 247 | AX6: =AX28 -> 501 | AY6: =AVERAGE(AT6:AX6) -> 394.4 | BA6: EBT | BB6: =BB28 -> 764 | BC6: =BC28 -> 539 | BD6: =BD28 -> 201 | BE6: =BE28 -> -13 | BF6: =BF28 -> 183 | BG6: =AVERAGE(BB6:BF6) -> 334.8 | BI6: EBT | BJ6: =BJ28 -> 1592 | BK6: =BK28 -> 1604 | BL6: =BL28 -> 1671 | BM6: =BM28 -> 316 | BN6: =BN28 -> 966 | BO6: =AVERAGE(BJ6:BN6) -> 1229.8
B7: Net Income | C7: =Financials!C24 -> 1105 | D7: =Financials!D24 -> 966 | E7: =Financials!E24 -> 1032 | F7: =Financials!F24 -> 884 | G7: =Financials!G24 -> 1682 | H7: =AVERAGE(C7:G7) -> 1133.8 | M7: Net Income | N7: =N29 -> 2520266 | O7: =O29 -> 1903088 | P7: =P29 -> 2622072 | Q7: =Q29 -> 695684 | R7: =R29 -> 2114299 | S7: =AVERAGE(N7:R7) -> 1971081.8 | U7: Net Income | V7: =V29 -> 120325 | W7: =W29 -> 117579.4 | X7: =X29 -> 146498.5 | Y7: =Y29 -> 82690.3 | Z7: =Z29 -> 123334.4 | AA7: =AVERAGE(V7:Z7) -> 118085.52 | AC7: Net Income | AD7: =AD29 -> 873 | AE7: =AE29 -> 1137 | AF7: =AF29 -> 680 | AG7: =AG29 -> 292 | AH7: =AH29 -> 69 | AI7: =AVERAGE(AD7:AH7) -> 610.2 | AK7: Net Income | AL7: =AL29 -> 310095.2 | AM7: =AM29 -> 307963.4 | AN7: =AN29 -> 229060.3 | AO7: =AO29 -> 137055.5 | AP7: =AP29 -> 181959.7 | AQ7: =AVERAGE(AL7:AP7) -> 233226.82 | AS7: Net Income | AT7: =AT29 -> 322 | AU7: =AU29 -> 220 | AV7: =AV29 -> 384 | AW7: =AW29 -> 177 | AX7: =AX29 -> 370 | AY7: =AVERAGE(AT7:AX7) -> 294.6 | BA7: Net Income | BB7: =BB29 -> 519 | BC7: =BC29 -> 395 | BD7: =BD29 -> 148 | BE7: =BE29 -> 14 | BF7: =BF29 -> 556 | BG7: =AVERAGE(BB7:BF7) -> 326.4 | BI7: Net Income | BJ7: =BJ29 -> 1188 | BK7: =BK29 -> 1283 | BL7: =BL29 -> 1262 | BM7: =BM29 -> 55 | BN7: =BN29 -> 646 | BO7: =AVERAGE(BJ7:BN7) -> 886.8
B9: % Margin To Revenue | M9: % Margin To Revenue | U9: % Margin To Revenue | AC9: % Margin To Revenue | AK9: % Margin To Revenue | AS9: % Margin To Revenue | BA9: % Margin To Revenue | BI9: % Margin To Revenue
B10: =B4 -> Gross Profit | C10: =C4/C$3 -> 0.24088606 | D10: =D4/D$3 -> 0.24412376 | E10: =E4/E$3 -> 0.22048518 | F10: =F4/F$3 -> 0.17164835 | G10: =G4/G$3 -> 0.15461044 | H10: =AVERAGE(C10:G10) -> 0.20635076 | M10: =M4 -> Gross Profit | N10: =N4/N$3 -> 0.41660291 | O10: =O4/O$3 -> 0.36010362 | P10: =P4/P$3 -> 0.3460922 | Q10: =Q4/Q$3 -> 0.30003348 | R10: =R4/R$3 -> 0.3236991 | S10: =AVERAGE(N10:R10) -> 0.34930626 | U10: =U4 -> Gross Profit | V10: =V4/V$3 -> 0.42630561 | W10: =W4/W$3 -> 0.4198505 | X10: =X4/X$3 -> 0.43675392 | Y10: =Y4/Y$3 -> 0.36020591 | Z10: =Z4/Z$3 -> 0.36128628 | AA10: =AVERAGE(V10:Z10) -> 0.40088044 | AC10: =AC4 -> Gross Profit | AD10: =AD4/AD$3 -> 0.13052926 | AE10: =AE4/AE$3 -> 0.078612349 | AF10: =AF4/AF$3 -> 0.17190982 | AG10: =AG4/AG$3 -> 0.16665595 | AH10: =AH4/AH$3 -> 0.13334493 | AI10: =AVERAGE(AD10:AH10) -> 0.13621046 | AK10: =AK4 -> Gross Profit | AL10: =AL4/AL$3 -> 0.66620106 | AM10: =AM4/AM$3 -> 0.6445512 | AN10: =AN4/AN$3 -> 0.56516084 | AO10: =AO4/AO$3 -> 0.60765667 | AP10: =AP4/AP$3 -> 0.55323046 | AQ10: =AVERAGE(AL10:AP10) -> 0.60736005 | AS10: =AS4 -> Gross Profit | AT10: =AT4/AT$3 -> 0.46472019 | AU10: =AU4/AU$3 -> 0.42919075 | AV10: =AV4/AV$3 -> 0.46256847 | AW10: =AW4/AW$3 -> 0.40727273 | AX10: =AX4/AX$3 -> 0.49391892 | AY10: =AVERAGE(AT10:AX10) -> 0.45153421 | BA10: =BA4 -> Gross Profit | BB10: =BB4/BB$3 -> 0.28144425 | BC10: =BC4/BC$3 -> 0.22305825 | BD10: =BD4/BD$3 -> 0.18748705 | BE10: =BE4/BE$3 -> 0.19669385 | BF10: =BF4/BF$3 -> 0.18406511 | BG10: =AVERAGE(BB10:BF10) -> 0.2145497 | BI10: =BI4 -> Gross Profit | BJ10: =BJ4/BJ$3 -> 0.18535516 | BK10: =BK4/BK$3 -> 0.19534388 | BL10: =BL4/BL$3 -> 0.23717572 | BM10: =BM4/BM$3 -> 0.21183504 | BN10: =BN4/BN$3 -> 0.23136553 | BO10: =AVERAGE(BJ10:BN10) -> 0.21221507
B11: =B5 -> EBITDA | C11: =C5/C$3 -> 0.16419986 | D11: =D5/D$3 -> 0.15819394 | E11: =E5/E$3 -> 0.16307278 | F11: =F5/F$3 -> 0.11941392 | G11: =G5/G$3 -> 0.10577972 | H11: =AVERAGE(C11:G11) -> 0.14213204 | M11: =M5 -> EBITDA | N11: =N5/N$3 -> 0.34360674 | O11: =O5/O$3 -> 0.28054385 | P11: =P5/P$3 -> 0.27531752 | Q11: =Q5/Q$3 -> 0.21262593 | R11: =R5/R$3 -> 0.25958834 | S11: =AVERAGE(N11:R11) -> 0.27433648 | U11: =U5 -> EBITDA | V11: =V5/V$3 -> 0.3629182 | W11: =W5/W$3 -> 0.3597654 | X11: =X5/X$3 -> 0.37658357 | Y11: =Y5/Y$3 -> 0.29037737 | Z11: =Z5/Z$3 -> 0.30359356 | AA11: =AVERAGE(V11:Z11) -> 0.33864762 | AC11: =AC5 -> EBITDA | AD11: =AD5/AD$3 -> 0.097237312 | AE11: =AE5/AE$3 -> 0.04670592 | AF11: =AF5/AF$3 -> 0.099161096 | AG11: =AG5/AG$3 -> 0.078604023 | AH11: =AH5/AH$3 -> 0.06090134 | AI11: =AVERAGE(AD11:AH11) -> 0.076521938 | AK11: =AK5 -> EBITDA | AL11: =AL5/AL$3 -> 0.53485988 | AM11: =AM5/AM$3 -> 0.54096896 | AN11: =AN5/AN$3 -> 0.48698014 | AO11: =AO5/AO$3 -> 0.47918761 | AP11: =AP5/AP$3 -> 0.43212843 | AQ11: =AVERAGE(AL11:AP11) -> 0.49482501 | AS11: =AS5 -> EBITDA | AT11: =AT5/AT$3 -> 0.324412 | AU11: =AU5/AU$3 -> 0.31069364 | AV11: =AV5/AV$3 -> 0.37248935 | AW11: =AW5/AW$3 -> 0.29745455 | AX11: =AX5/AX$3 -> 0.38716216 | AY11: =AVERAGE(AT11:AX11) -> 0.33844234 | BA11: =BA5 -> EBITDA | BB11: =BB5/BB$3 -> 0.12154477 | BC11: =BC5/BC$3 -> 0.094417476 | BD11: =BD5/BD$3 -> 0.066293764 | BE11: =BE5/BE$3 -> 0.073494918 | BF11: =BF5/BF$3 -> 0.072540942 | BG11: =AVERAGE(BB11:BF11) -> 0.085658374 | BI11: =BI5 -> EBITDA | BJ11: =BJ5/BJ$3 -> 0.13083088 | BK11: =BK5/BK$3 -> 0.12394459 | BL11: =BL5/BL$3 -> 0.16841575 | BM11: =BM5/BM$3 -> 0.14954081 | BN11: =BN5/BN$3 -> 0.16747593 | BO11: =AVERAGE(BJ11:BN11) -> 0.14804159
B12: =B6 -> EBT | C12: =C6/C$3 -> 0.13817423 | D12: =D6/D$3 -> 0.12966 | E12: =E6/E$3 -> 0.11778976 | F12: =F6/F$3 -> 0.083296703 | G12: =G6/G$3 -> 0.10335636 | H12: =AVERAGE(C12:G12) -> 0.11445541 | M12: =M6 -> EBT | N12: =N6/N$3 -> 0.30480766 | O12: =O6/O$3 -> 0.2055283 | P12: =P6/P$3 -> 0.2257988 | Q12: =Q6/Q$3 -> 0.090014056 | R12: =R6/R$3 -> 0.15641382 | S12: =AVERAGE(N12:R12) -> 0.19651253 | U12: =U6 -> EBT | V12: =V6/V$3 -> 0.33230179 | W12: =W6/W$3 -> 0.31603594 | X12: =X6/X$3 -> 0.31646983 | Y12: =Y6/Y$3 -> 0.18079366 | Z12: =Z6/Z$3 -> 0.22861772 | AA12: =AVERAGE(V12:Z12) -> 0.27484379 | AC12: =AC6 -> EBT | AD12: =AD6/AD$3 -> 0.073956232 | AE12: =AE6/AE$3 -> 0.12245385 | AF12: =AF6/AF$3 -> 0.061607026 | AG12: =AG6/AG$3 -> 0.025258693 | AH12: =AH6/AH$3 -> 0.014674323 | AI12: =AVERAGE(AD12:AH12) -> 0.059590025 | AK12: =AK6 -> EBT | AL12: =AL6/AL$3 -> 0.54078775 | AM12: =AM6/AM$3 -> 0.50050284 | AN12: =AN6/AN$3 -> 0.40931787 | AO12: =AO6/AO$3 -> 0.31924459 | AP12: =AP6/AP$3 -> 0.31825661 | AQ12: =AVERAGE(AL12:AP12) -> 0.41762193 | AS12: =AS6 -> EBT | AT12: =AT6/AT$3 -> 0.32765612 | AU12: =AU6/AU$3 -> 0.21676301 | AV12: =AV6/AV$3 -> 0.31649422 | AW12: =AW6/AW$3 -> 0.17963636 | AX12: =AX6/AX$3 -> 0.33851351 | AY12: =AVERAGE(AT12:AX12) -> 0.27581264 | BA12: =BA6 -> EBT | BB12: =BB6/BB$3 -> 0.10104484 | BC12: =BC6/BC$3 -> 0.065412621 | BD12: =BD6/BD$3 -> 0.020820385 | BE12: =BE6/BE$3 -> -0.0014520273 | BF12: =BF6/BF$3 -> 0.018386416 | BG12: =AVERAGE(BB12:BF12) -> 0.040842446 | BI12: =BI6 -> EBT | BJ12: =BJ6/BJ$3 -> 0.10904856 | BK12: =BK6/BK$3 -> 0.13148619 | BL12: =BL6/BL$3 -> 0.14029049 | BM12: =BM6/BM$3 -> 0.027378271 | BN12: =BN6/BN$3 -> 0.082289803 | BO12: =AVERAGE(BJ12:BN12) -> 0.098098663
B13: =B7 -> Net Income | C13: =C7/C$3 -> 0.10976458 | D13: =D7/D$3 -> 0.1056084 | E13: =E7/E$3 -> 0.092722372 | F13: =F7/F$3 -> 0.064761905 | G13: =G7/G$3 -> 0.10190234 | H13: =AVERAGE(C13:G13) -> 0.094951918 | M13: =M7 -> Net Income | N13: =N7/N$3 -> 0.21793467 | O13: =O7/O$3 -> 0.15014502 | P13: =P7/P$3 -> 0.16080579 | Q13: =Q7/Q$3 -> 0.053271498 | R13: =R7/R$3 -> 0.14972332 | S13: =AVERAGE(N13:R13) -> 0.14637606 | U13: =U7 -> Net Income | V13: =V7/V$3 -> 0.25579582 | W13: =W7/W$3 -> 0.24164543 | X13: =X7/X$3 -> 0.23826923 | Y13: =Y7/Y$3 -> 0.14534811 | Z13: =Z7/Z$3 -> 0.17921224 | AA13: =AVERAGE(V13:Z13) -> 0.21205417 | AC13: =AC7 -> Net Income | AD13: =AD7/AD$3 -> 0.067747944 | AE13: =AE7/AE$3 -> 0.090467855 | AF13: =AF7/AF$3 -> 0.044566785 | AG13: =AG7/AG$3 -> 0.018767273 | AH13: =AH7/AH$3 -> 0.004002088 | AI13: =AVERAGE(AD13:AH13) -> 0.045110389 | AK13: =AK7 -> Net Income | AL13: =AL7/AL$3 -> 0.41130443 | AM13: =AM7/AM$3 -> 0.39283451 | AN13: =AN7/AN$3 -> 0.29371879 | AO13: =AO7/AO$3 -> 0.2196687 | AP13: =AP7/AP$3 -> 0.22911195 | AQ13: =AVERAGE(AL13:AP13) -> 0.30932768 | AS13: =AS7 -> Net Income | AT13: =AT7/AT$3 -> 0.26115166 | AU13: =AU7/AU$3 -> 0.15895954 | AV13: =AV7/AV$3 -> 0.23371881 | AW13: =AW7/AW$3 -> 0.12872727 | AX13: =AX7/AX$3 -> 0.25 | AY13: =AVERAGE(AT13:AX13) -> 0.20651146 | BA13: =BA7 -> Net Income | BB13: =BB7/BB$3 -> 0.068641714 | BC13: =BC7/BC$3 -> 0.047936893 | BD13: =BD7/BD$3 -> 0.015330433 | BE13: =BE7/BE$3 -> 0.0015637217 | BF13: =BF7/BF$3 -> 0.055862554 | BG13: =AVERAGE(BB13:BF13) -> 0.037867063 | BI13: =BI7 -> Net Income | BJ13: =BJ7/BJ$3 -> 0.081375437 | BK13: =BK7/BK$3 -> 0.10517256 | BL13: =BL7/BL$3 -> 0.10595248 | BM13: =BM7/BM$3 -> 0.0047652053 | BN13: =BN7/BN$3 -> 0.055030241 | BO13: =AVERAGE(BJ13:BN13) -> 0.070459184
C15: KLK | D15: AAL | E15: B. Agri | F15: FGV | G15: F. Res | H15: Genting | I15: GAR | J15: IOI | K15: Comps
B16: 2016 Margin (%) | M16: Astra | N16: 2016 | O16: =N16-1 -> 2015 | P16: =O16-1 -> 2014 | Q16: =P16-1 -> 2013 | R16: =Q16-1 -> 2012 | U16: Bumitama | V16: 2016 | W16: =V16-1 -> 2015 | X16: =W16-1 -> 2014 | Y16: =X16-1 -> 2013 | Z16: =Y16-1 -> 2012 | AC16: FGV | AD16: 2016 | AE16: =AD16-1 -> 2015 | AF16: =AE16-1 -> 2014 | AG16: =AF16-1 -> 2013 | AH16: =AG16-1 -> 2012 | AK16: First Resources | AL16: 2016 | AM16: =AL16-1 -> 2015 | AN16: =AM16-1 -> 2014 | AO16: =AN16-1 -> 2013 | AP16: =AO16-1 -> 2012 | AS16: Genting Plantation | AT16: 2016 | AU16: =AT16-1 -> 2015 | AV16: =AU16-1 -> 2014 | AW16: =AV16-1 -> 2013 | AX16: =AW16-1 -> 2012 | BA16: Golden Agri-Resource | BB16: 2016 | BC16: =BB16-1 -> 2015 | BD16: =BC16-1 -> 2014 | BE16: =BD16-1 -> 2013 | BF16: =BE16-1 -> 2012 | BI16: IOI | BJ16: 2016 | BK16: =BJ16-1 -> 2015 | BL16: =BK16-1 -> 2014 | BM16: =BL16-1 -> 2013 | BN16: =BM16-1 -> 2012
B17: Gross Profit | C17: =G10 -> 0.15461044 | D17: =R10 -> 0.3236991 | E17: =Z10 -> 0.36128628 | F17: =AH10 -> 0.13334493 | G17: =AP10 -> 0.55323046 | H17: =AX10 -> 0.49391892 | I17: =BF10 -> 0.18406511 | J17: =BN10 -> 0.23136553 | K17: =AVERAGE(D17:J17) -> 0.32584433 | M17: Revenue | N17: 14121374 | O17: 13059216 | P17: 16305831 | Q17: 12674999 | R17: 11564319 | U17: Revenue | V17: 688203 | W17: 568912.1 | X17: 614844.4 | Y17: 486578.2 | Z17: 470394.7 | AC17: Revenue | AD17: 17241 | AE17: 15559 | AF17: 15258 | AG17: 12568 | AH17: 12886 | AK17: Revenue | AL17: 794195.6 | AM17: 623919.1 | AN17: 779862.6 | AO17: 783952 | AP17: 753931.1 | AS17: Revenue | AT17: 1480 | AU17: 1375 | AV17: 1643 | AW17: 1384 | AX17: 1233 | BA17: Revenue | BB17: 9953 | BC17: 8953 | BD17: 9654 | BE17: 8240 | BF17: 7561 | BI17: Revenue | BJ17: 11739 | BK17: 11542 | BL17: 11911 | BM17: 12199 | BN17: 14599
B18: EBITDA | C18: =G11 -> 0.10577972 | D18: =R11 -> 0.25958834 | E18: =Z11 -> 0.30359356 | F18: =AH11 -> 0.06090134 | G18: =AP11 -> 0.43212843 | H18: =AX11 -> 0.38716216 | I18: =BF11 -> 0.072540942 | J18: =BN11 -> 0.16747593 | K18: =AVERAGE(D18:J18) -> 0.24048439 | M18: GP | N18: 3567719 | O18: 2994627 | P18: 4877462 | Q18: 4012966 | R18: 4297880 | U18: GP | V18: 203857.2 | W18: 168648.9 | X18: 248898.3 | Y18: 190147.8 | Z18: 188552.1 | AC18: GP | AD18: 1570 | AE18: 1946 | AF18: 2204 | AG18: 878 | AH18: 1582 | AK18: GP | AL18: 363071.7 | AM18: 312501.4 | AN18: 401857.5 | AO18: 470703.1 | AP18: 470650.8 | AS18: GP | AT18: 631 | AU18: 451 | AV18: 683 | AW18: 526 | AX18: 517 | BA18: GP | BB18: 1350 | BC18: 1334 | BD18: 1621 | BE18: 1670 | BF18: 1983 | BI18: GP | BJ18: 2256 | BK18: 2005 | BL18: 2598 | BM18: 2150 | BN18: 2470
B19: EBT | C19: =G12 -> 0.10335636 | D19: =R12 -> 0.15641382 | E19: =Z12 -> 0.22861772 | F19: =AH12 -> 0.014674323 | G19: =AP12 -> 0.31825661 | H19: =AX12 -> 0.33851351 | I19: =BF12 -> 0.018386416 | J19: =BN12 -> 0.082289803 | K19: =AVERAGE(D19:J19) -> 0.16530746 | M19: Dep and Amor | N19: 1003357 | O19: 923575 | P19: 765859 | Q19: 551347 | R19: 519849 | U19: Dep and Amor | V19: 44781.1 | W19: 36276.6 | X19: 19637.4 | Y19: 14142.3 | Z19: 11979.8 | AC19: Dep and Amor | AD19: 729 | AE19: 647 | AF19: 419 | AG19: 110 | AH19: 100 | AK19: Dep and Amor | AL19: 76301.5 | AM19: 66627.2 | AN19: 38890.3 | AO19: 34594.1 | AP19: 31618.9 | AS19: Dep and Amor | AT19: 100 | AU19: 109 | AV19: 77 | AW19: 68 | AX19: 56 | BA19: Dep and Amor | BB19: 482 | BC19: 427 | BD19: 189 | BE19: 168 | BF19: 145 | BI19: Dep and Amor | BJ19: 460 | BK19: 440 | BL19: 227 | BM19: 233 | BN19: 236
B20: Net Income | C20: =G13 -> 0.10190234 | D20: =R13 -> 0.14972332 | E20: =Z13 -> 0.17921224 | F20: =AH13 -> 0.004002088 | G20: =AP13 -> 0.22911195 | H20: =AX13 -> 0.25 | I20: =BF13 -> 0.055862554 | J20: =BN13 -> 0.055030241 | K20: =AVERAGE(D20:J20) -> 0.13184891 | M20: EBITDA | N20: 3665744 | O20: 2776728 | P20: 4489281 | Q20: 3555893 | R20: 3973578 | U20: EBITDA | V20: 208934 | W20: 165199.2 | X20: 231540.3 | Y20: 175054 | Z20: 170714.8 | AC20: EBITDA | AD20: 1050 | AE20: 1223 | AF20: 1513 | AG20: 587 | AH20: 1253 | AK20: EBITDA | AL20: 343194.5 | AM20: 298974.3 | AN20: 379777.6 | AO20: 424093.7 | AP20: 403247.5 | AS20: EBITDA | AT20: 573 | AU20: 409 | AV20: 612 | AW20: 430 | AX20: 400 | BA20: EBITDA | BB20: 722 | BC20: 658 | BD20: 640 | BE20: 778 | BF20: 919 | BI20: EBITDA | BJ20: 1966 | BK20: 1726 | BL20: 2006 | BM20: 1512 | BN20: 1910
B21: 2012 -2016 Average Margin (%) | M21: EBT | N21: 2208778 | O21: 1175513 | P21: 3681837 | Q21: 2605071 | R21: 3524893 | U21: EBT | V21: 157335.4 | W21: 102855.7 | X21: 194579.7 | Y21: 153776.2 | Z21: 156313 | AC21: EBT | AD21: 253 | AE21: 393 | AF21: 940 | AG21: 1539 | AH21: 953 | AK21: EBT | AL21: 252758 | AM21: 199182.8 | AN21: 319211.7 | AO21: 392370.2 | AP21: 407716.7 | AS21: EBT | AT21: 501 | AU21: 247 | AV21: 520 | AW21: 300 | AX21: 404 | BA21: EBT | BB21: 183 | BC21: -13 | BD21: 201 | BE21: 539 | BF21: 764 | BI21: EBT | BJ21: 966 | BK21: 316 | BL21: 1671 | BM21: 1604 | BN21: 1592
B22: Gross Profit | C22: =H10 -> 0.20635076 | D22: =S10 -> 0.34930626 | E22: =AA10 -> 0.40088044 | F22: =AI10 -> 0.13621046 | G22: =AQ10 -> 0.60736005 | H22: =AY10 -> 0.45153421 | I22: =BG10 -> 0.2145497 | J22: =BO10 -> 0.21221507 | K22: =AVERAGE(D22:J22) -> 0.33886517 | M22: Net Income | N22: 2114299 | O22: 695684 | P22: 2622072 | Q22: 1903088 | R22: 2520266 | U22: Net Income | V22: 123334.4 | W22: 82690.3 | X22: 146498.5 | Y22: 117579.4 | Z22: 120325 | AC22: Net Income | AD22: 69 | AE22: 292 | AF22: 680 | AG22: 1137 | AH22: 873 | AK22: Net Income | AL22: 181959.7 | AM22: 137055.5 | AN22: 229060.3 | AO22: 307963.4 | AP22: 310095.2 | AS22: Net Income | AT22: 370 | AU22: 177 | AV22: 384 | AW22: 220 | AX22: 322 | BA22: Net Income | BB22: 556 | BC22: 14 | BD22: 148 | BE22: 395 | BF22: 519 | BI22: Net Income | BJ22: 646 | BK22: 55 | BL22: 1262 | BM22: 1283 | BN22: 1188
B23: EBITDA | C23: =H11 -> 0.14213204 | D23: =S11 -> 0.27433648 | E23: =AA11 -> 0.33864762 | F23: =AI11 -> 0.076521938 | G23: =AQ11 -> 0.49482501 | H23: =AY11 -> 0.33844234 | I23: =BG11 -> 0.085658374 | J23: =BO11 -> 0.14804159 | K23: =AVERAGE(D23:J23) -> 0.25092476
B24: EBT | C24: =H12 -> 0.11445541 | D24: =S12 -> 0.19651253 | E24: =AA12 -> 0.27484379 | F24: =AI12 -> 0.059590025 | G24: =AQ12 -> 0.41762193 | H24: =AY12 -> 0.27581264 | I24: =BG12 -> 0.040842446 | J24: =BO12 -> 0.098098663 | K24: =AVERAGE(D24:J24) -> 0.19476029 | M24: Sort | U24: Sort | AC24: Sort | AK24: Sort | AS24: Sort | BA24: Sort | BI24: Sort
B25: Net Income | C25: =H13 -> 0.094951918 | D25: =S13 -> 0.14637606 | E25: =AA13 -> 0.21205417 | F25: =AI13 -> 0.045110389 | G25: =AQ13 -> 0.30932768 | H25: =AY13 -> 0.20651146 | I25: =BG13 -> 0.037867063 | J25: =BO13 -> 0.070459184 | K25: =AVERAGE(D25:J25) -> 0.14681514 | M25: =M17 -> Revenue | N25: =R17 -> 11564319 | O25: =Q17 -> 12674999 | P25: =P17 -> 16305831 | Q25: =O17 -> 13059216 | R25: =N17 -> 14121374 | U25: =U17 -> Revenue | V25: =Z17 -> 470394.7 | W25: =Y17 -> 486578.2 | X25: =X17 -> 614844.4 | Y25: =W17 -> 568912.1 | Z25: =V17 -> 688203 | AC25: =AC17 -> Revenue | AD25: =AH17 -> 12886 | AE25: =AG17 -> 12568 | AF25: =AF17 -> 15258 | AG25: =AE17 -> 15559 | AH25: =AD17 -> 17241 | AK25: =AK17 -> Revenue | AL25: =AP17 -> 753931.1 | AM25: =AO17 -> 783952 | AN25: =AN17 -> 779862.6 | AO25: =AM17 -> 623919.1 | AP25: =AL17 -> 794195.6 | AS25: =AS17 -> Revenue | AT25: =AX17 -> 1233 | AU25: =AW17 -> 1384 | AV25: =AV17 -> 1643 | AW25: =AU17 -> 1375 | AX25: =AT17 -> 1480 | BA25: =BA17 -> Revenue | BB25: =BF17 -> 7561 | BC25: =BE17 -> 8240 | BD25: =BD17 -> 9654 | BE25: =BC17 -> 8953 | BF25: =BB17 -> 9953 | BI25: =BI17 -> Revenue | BJ25: =BN17 -> 14599 | BK25: =BM17 -> 12199 | BL25: =BL17 -> 11911 | BM25: =BK17 -> 11542 | BN25: =BJ17 -> 11739
M26: Gross Profit | N26: =R18+R19 -> 4817729 | O26: =Q18+Q19 -> 4564313 | P26: =P18+P19 -> 5643321 | Q26: =O18+O19 -> 3918202 | R26: =N18+N19 -> 4571076 | U26: Gross Profit | V26: =Z18+Z19 -> 200531.9 | W26: =Y18+Y19 -> 204290.1 | X26: =X18+X19 -> 268535.7 | Y26: =W18+W19 -> 204925.5 | Z26: =V18+V19 -> 248638.3 | AC26: Gross Profit | AD26: =AH18+AH19 -> 1682 | AE26: =AG18+AG19 -> 988 | AF26: =AF18+AF19 -> 2623 | AG26: =AE18+AE19 -> 2593 | AH26: =AD18+AD19 -> 2299 | AK26: Gross Profit | AL26: =AP18+AP19 -> 502269.7 | AM26: =AO18+AO19 -> 505297.2 | AN26: =AN18+AN19 -> 440747.8 | AO26: =AM18+AM19 -> 379128.6 | AP26: =AL18+AL19 -> 439373.2 | AS26: Gross Profit | AT26: =AX18+AX19 -> 573 | AU26: =AW18+AW19 -> 594 | AV26: =AV18+AV19 -> 760 | AW26: =AU18+AU19 -> 560 | AX26: =AT18+AT19 -> 731 | BA26: Gross Profit | BB26: =BF18+BF19 -> 2128 | BC26: =BE18+BE19 -> 1838 | BD26: =BD18+BD19 -> 1810 | BE26: =BC18+BC19 -> 1761 | BF26: =BB18+BB19 -> 1832 | BI26: Gross Profit | BJ26: =BN18+BN19 -> 2706 | BK26: =BM18+BM19 -> 2383 | BL26: =BL18+BL19 -> 2825 | BM26: =BK18+BK19 -> 2445 | BN26: =BJ18+BJ19 -> 2716
I27: Comps | M27: EBITDA | N27: =R20 -> 3973578 | O27: =Q20 -> 3555893 | P27: =P20 -> 4489281 | Q27: =O20 -> 2776728 | R27: =N20 -> 3665744 | U27: EBITDA | V27: =Z20 -> 170714.8 | W27: =Y20 -> 175054 | X27: =X20 -> 231540.3 | Y27: =W20 -> 165199.2 | Z27: =V20 -> 208934 | AC27: EBITDA | AD27: =AH20 -> 1253 | AE27: =AG20 -> 587 | AF27: =AF20 -> 1513 | AG27: =AE20 -> 1223 | AH27: =AD20 -> 1050 | AK27: EBITDA | AL27: =AP20 -> 403247.5 | AM27: =AO20 -> 424093.7 | AN27: =AN20 -> 379777.6 | AO27: =AM20 -> 298974.3 | AP27: =AL20 -> 343194.5 | AS27: EBITDA | AT27: =AX20 -> 400 | AU27: =AW20 -> 430 | AV27: =AV20 -> 612 | AW27: =AU20 -> 409 | AX27: =AT20 -> 573 | BA27: EBITDA | BB27: =BF20 -> 919 | BC27: =BE20 -> 778 | BD27: =BD20 -> 640 | BE27: =BC20 -> 658 | BF27: =BB20 -> 722 | BI27: EBITDA | BJ27: =BN20 -> 1910 | BK27: =BM20 -> 1512 | BL27: =BL20 -> 2006 | BM27: =BK20 -> 1726 | BN27: =BJ20 -> 1966
M28: EBT | N28: =R21 -> 3524893 | O28: =Q21 -> 2605071 | P28: =P21 -> 3681837 | Q28: =O21 -> 1175513 | R28: =N21 -> 2208778 | U28: EBT | V28: =Z21 -> 156313 | W28: =Y21 -> 153776.2 | X28: =X21 -> 194579.7 | Y28: =W21 -> 102855.7 | Z28: =V21 -> 157335.4 | AC28: EBT | AD28: =AH21 -> 953 | AE28: =AG21 -> 1539 | AF28: =AF21 -> 940 | AG28: =AE21 -> 393 | AH28: =AD21 -> 253 | AK28: EBT | AL28: =AP21 -> 407716.7 | AM28: =AO21 -> 392370.2 | AN28: =AN21 -> 319211.7 | AO28: =AM21 -> 199182.8 | AP28: =AL21 -> 252758 | AS28: EBT | AT28: =AX21 -> 404 | AU28: =AW21 -> 300 | AV28: =AV21 -> 520 | AW28: =AU21 -> 247 | AX28: =AT21 -> 501 | BA28: EBT | BB28: =BF21 -> 764 | BC28: =BE21 -> 539 | BD28: =BD21 -> 201 | BE28: =BC21 -> -13 | BF28: =BB21 -> 183 | BI28: EBT | BJ28: =BN21 -> 1592 | BK28: =BM21 -> 1604 | BL28: =BL21 -> 1671 | BM28: =BK21 -> 316 | BN28: =BJ21 -> 966
M29: Net Income | N29: =R22 -> 2520266 | O29: =Q22 -> 1903088 | P29: =P22 -> 2622072 | Q29: =O22 -> 695684 | R29: =N22 -> 2114299 | U29: Net Income | V29: =Z22 -> 120325 | W29: =Y22 -> 117579.4 | X29: =X22 -> 146498.5 | Y29: =W22 -> 82690.3 | Z29: =V22 -> 123334.4 | AC29: Net Income | AD29: =AH22 -> 873 | AE29: =AG22 -> 1137 | AF29: =AF22 -> 680 | AG29: =AE22 -> 292 | AH29: =AD22 -> 69 | AK29: Net Income | AL29: =AP22 -> 310095.2 | AM29: =AO22 -> 307963.4 | AN29: =AN22 -> 229060.3 | AO29: =AM22 -> 137055.5 | AP29: =AL22 -> 181959.7 | AS29: Net Income | AT29: =AX22 -> 322 | AU29: =AW22 -> 220 | AV29: =AV22 -> 384 | AW29: =AU22 -> 177 | AX29: =AT22 -> 370 | BA29: Net Income | BB29: =BF22 -> 519 | BC29: =BE22 -> 395 | BD29: =BD22 -> 148 | BE29: =BC22 -> 14 | BF29: =BB22 -> 556 | BI29: Net Income | BJ29: =BN22 -> 1188 | BK29: =BM22 -> 1283 | BL29: =BL22 -> 1262 | BM29: =BK22 -> 55 | BN29: =BJ22 -> 646
C59: KLK | D59: AAL | E59: B. Agri | F59: FGV | G59: F. Res | H59: Genting | I59: GAR | J59: IOI
B60: CAGR (2012 - 2016) | C60: =(H3/C3)^(1/4) - 1 -> 0.047059413 | D60: =(R3/N3)^(1/4) - 1 -> 0.051209369 | E60: =(Z3/V3)^(1/4) - 1 -> 0.099799544 | F60: =(AH3/AD3)^(1/4) - 1 -> 0.075501651 | G60: =(AP3/AL3)^(1/4) - 1 -> 0.01309216 | H60: =(AX3/AT3)^(1/4) - 1 -> 0.04670587 | I60: =(BF3/BB3)^(1/4) - 1 -> 0.07113372 | J60: =(BN3/BJ3)^(1/4) - 1 -> -0.053050109

Sheet Financials
B2: Kuala Lumpur Kepong
B4: Income Statement
C6: ='Misc Input'!C6 -> 2012 | D6: ='Misc Input'!D6 -> 2013 | E6: ='Misc Input'!E6 -> 2014 | F6: ='Misc Input'!F6 -> 2015 | G6: ='Misc Input'!G6 -> 2016
B7: Revenue | C7: ='Misc Input'!C7 -> 10067 | D7: ='Misc Input'!D7 -> 9147 | E7: ='Misc Input'!E7 -> 11130 | F7: ='Misc Input'!F7 -> 13650 | G7: ='Misc Input'!G7 -> 16506
B8: COGS | C8: =-'Misc Input'!C10 -> -7642 | D8: =-'Misc Input'!D10 -> -6914 | E8: =-'Misc Input'!E10 -> -8676 | F8: =-'Misc Input'!F10 -> -11307 | G8: =-'Misc Input'!G10 -> -13954
B9: Gross Profit | C9: =SUM(C7:C8) -> 2425 | D9: =SUM(D7:D8) -> 2233 | E9: =SUM(E7:E8) -> 2454 | F9: =SUM(F7:F8) -> 2343 | G9: =SUM(G7:G8) -> 2552
B10: SG&A Expense | C10: =-'Misc Input'!C19 -> -656 | D10: =-'Misc Input'!D19 -> -635 | E10: =-'Misc Input'!E19 -> -641 | F10: =-'Misc Input'!F19 -> -719 | G10: =-'Misc Input'!G19 -> -812
B11: Other Operating Expense | C11: =-'Misc Input'!C23 -> -116 | D11: =-'Misc Input'!D23 -> -151 | E11: =-'Misc Input'!E23 -> 2 | F11: =-'Misc Input'!F23 -> 6 | G11: =-'Misc Input'!G23 -> 6
B12: EBITDA | C12: =SUM(C9:C11) -> 1653 | D12: =SUM(D9:D11) -> 1447 | E12: =SUM(E9:E11) -> 1815 | F12: =SUM(F9:F11) -> 1630 | G12: =SUM(G9:G11) -> 1746
B13: Unusual Expense | C13: =-'Misc Input'!C25 -> -8 | D13: =-'Misc Input'!D25 -> -8 | E13: =-'Misc Input'!E25 -> -19 | F13: =-'Misc Input'!F25 -> 33 | G13: =-'Misc Input'!G25 -> 25
B14: Non-Op Expense/Income | C14: ='Misc Input'!C26 -> 70 | D14: ='Misc Input'!D26 -> 115 | E14: ='Misc Input'!E26 -> -62 | F14: ='Misc Input'!F26 -> -40 | G14: ='Misc Input'!G26 -> 535
B15: EBITDA (incld EI and Non-Op) | C15: =SUM(C12:C14) -> 1715 | D15: =SUM(D12:D14) -> 1554 | E15: =SUM(E12:E14) -> 1734 | F15: =SUM(F12:F14) -> 1623 | G15: =SUM(G12:G14) -> 2306
B16: Depreciation | C16: =-'Misc Input'!C12 -> -216 | D16: =-'Misc Input'!D12 -> -279 | E16: =-'Misc Input'!E12 -> -327 | F16: =-'Misc Input'!F12 -> -377 | G16: =-'Misc Input'!G12 -> -437
B17: Amortization of Intangible | C17: =-'Misc Input'!C13 -> -3 | D17: =-'Misc Input'!D13 -> -3 | E17: =-'Misc Input'!E13 -> -4 | F17: =-'Misc Input'!F13 -> -4 | G17: =-'Misc Input'!G13 -> -5
B18: Amortization of Deffered Chrg | C18: =-'Misc Input'!C14 -> -42 | D18: =-'Misc Input'!D14 -> -5 | E18: =-'Misc Input'!E14 -> -5 | F18: 0 | G18: 0
B19: EBIT | C19: =SUM(C15:C18) -> 1454 | D19: =SUM(D15:D18) -> 1267 | E19: =SUM(E15:E18) -> 1398 | F19: =SUM(F15:F18) -> 1242 | G19: =SUM(G15:G18) -> 1864
B20: Interest Expense | C20: =-'Misc Input'!C29 -> -63 | D20: =-'Misc Input'!D29 -> -81 | E20: =-'Misc Input'!E29 -> -87 | F20: =-'Misc Input'!F29 -> -105 | G20: =-'Misc Input'!G29 -> -158
B21: Earnings Before Tax | C21: =SUM(C19:C20) -> 1391 | D21: =SUM(D19:D20) -> 1186 | E21: =SUM(E19:E20) -> 1311 | F21: =SUM(F19:F20) -> 1137 | G21: =SUM(G19:G20) -> 1706
B22: Tax Expense | C22: =-'Misc Input'!C33 -> -297 | D22: =-'Misc Input'!D33 -> -233 | E22: =-'Misc Input'!E33 -> -285 | F22: =-'Misc Input'!F33 -> -251 | G22: =-'Misc Input'!G33 -> -29
B23: Equity in Affiliate | C23: ='Misc Input'!C37 -> 11 | D23: ='Misc Input'!D37 -> 13 | E23: ='Misc Input'!E37 -> 6 | F23: ='Misc Input'!F37 -> -2 | G23: ='Misc Input'!G37 -> 5
B24: Net Income | C24: =SUM(C21:C23) -> 1105 | D24: =SUM(D21:D23) -> 966 | E24: =SUM(E21:E23) -> 1032 | F24: =SUM(F21:F23) -> 884 | G24: =SUM(G21:G23) -> 1682
B25: ( - ) Non-Op Expnse/Income | C25: =-C14 -> -70 | D25: =-D14 -> -115 | E25: =-E14 -> 62 | F25: =-F14 -> 40 | G25: =-G14 -> -535
B26: Net Income (w/o Non-Op) | C26: =SUM(C24:C25) -> 1035 | D26: =SUM(D24:D25) -> 851 | E26: =SUM(E24:E25) -> 1094 | F26: =SUM(F24:F25) -> 924 | G26: =SUM(G24:G25) -> 1147
B28: Balance Sheet
C30: 2012 | D30: 2013 | E30: 2014 | F30: 2015 | G30: 2016
B31: Asset
B32: Current Asset
B33: ='Misc Input'!B63 -> Cash Only | C33: ='Misc Input'!C63 -> 181 | D33: ='Misc Input'!D63 -> 1757 | E33: ='Misc Input'!E63 -> 1317 | F33: ='Misc Input'!F63 -> 2106 | G33: ='Misc Input'!G63 -> 989
B34: ='Misc Input'!B64 -> Short-Term Investments | C34: ='Misc Input'!C64 -> 2233 | D34: ='Misc Input'!D64 -> 14 | E34: ='Misc Input'!E64 -> 77 | F34: ='Misc Input'!F64 -> 316 | G34: ='Misc Input'!G64 -> 1131
B35: ='Misc Input'!B68 -> Accounts Receivables, Net | C35: ='Misc Input'!C68 -> 814 | D35: ='Misc Input'!D68 -> 867 | E35: ='Misc Input'!E68 -> 1002 | F35: ='Misc Input'!F68 -> 1711 | G35: ='Misc Input'!G68 -> 1470
B36: ='Misc Input'!B71 -> Other Receivables | C36: ='Misc Input'!C71 -> 275 | D36: ='Misc Input'!D71 -> 337 | E36: ='Misc Input'!E71 -> 511 | F36: ='Misc Input'!F71 -> 529 | G36: ='Misc Input'!G71 -> 637
B37: ='Misc Input'!B74 -> Inventories | C37: ='Misc Input'!C74 -> 1239 | D37: ='Misc Input'!D74 -> 1121 | E37: ='Misc Input'!E74 -> 1523 | F37: ='Misc Input'!F74 -> 1706 | G37: ='Misc Input'!G74 -> 2025
B38: ='Misc Input'!B78 -> Other Current Assets | C38: ='Misc Input'!C78 -> 72 | D38: ='Misc Input'!D78 -> 77 | E38: ='Misc Input'!E78 -> 81 | F38: ='Misc Input'!F78 -> 424 | G38: ='Misc Input'!G78 -> 116
B39: Total Current Asset | C39: =SUM(C33:C38) -> 4814 | D39: =SUM(D33:D38) -> 4173 | E39: =SUM(E33:E38) -> 4511 | F39: =SUM(F33:F38) -> 6792 | G39: =SUM(G33:G38) -> 6368
B41: Non-Current Asset
B42: ='Misc Input'!B82 -> Net Property, Plant & Equipment | C42: ='Misc Input'!C82 -> 5280 | D42: ='Misc Input'!D82 -> 5854 | E42: ='Misc Input'!E82 -> 6519 | F42: ='Misc Input'!F82 -> 7436 | G42: ='Misc Input'!G82 -> 8745
B43: ='Misc Input'!B96 -> Total Investments and Advances | C43: ='Misc Input'!C96 -> 680 | D43: ='Misc Input'!D96 -> 1002 | E43: ='Misc Input'!E96 -> 1043 | F43: ='Misc Input'!F96 -> 1907 | G43: ='Misc Input'!G96 -> 1780
B44: ='Misc Input'!B99 -> Long-Term Note Receivable | C44: ='Misc Input'!C99 -> 83 | D44: ='Misc Input'!D99 -> 106 | E44: ='Misc Input'!E99 -> 134 | F44: ='Misc Input'!F99 -> 345 | G44: ='Misc Input'!G99 -> 345
B45: ='Misc Input'!B100 -> Intangible Assets | C45: ='Misc Input'!C100 -> 306 | D45: ='Misc Input'!D100 -> 317 | E45: ='Misc Input'!E100 -> 302 | F45: ='Misc Input'!F100 -> 345 | G45: ='Misc Input'!G100 -> 337
B46: ='Misc Input'!B103 -> Other Assets | C46: ='Misc Input'!C103 -> 164 | D46: ='Misc Input'!D103 -> 193 | E46: ='Misc Input'!E103 -> 251 | F46: ='Misc Input'!F103 -> 286 | G46: ='Misc Input'!G103 -> 307
B47: Total Non-Current Asset | C47: =SUM(C42:C46) -> 6513 | D47: =SUM(D42:D46) -> 7472 | E47: =SUM(E42:E46) -> 8249 | F47: =SUM(F42:F46) -> 10319 | G47: =SUM(G42:G46) -> 11514
B49: Total Asset | C49: =C39+C47 -> 11327 | D49: =D39+D47 -> 11645 | E49: =E39+E47 -> 12760 | F49: =F39+F47 -> 17111 | G49: =G39+G47 -> 17882
B50: Total Asset (Check) | C50: ='Misc Input'!C105 -> 11383 | D50: ='Misc Input'!D105 -> 11748 | E50: ='Misc Input'!E105 -> 12941 | F50: ='Misc Input'!F105 -> 17318 | G50: ='Misc Input'!G105 -> 18337
B51: Difference | C51: =C50-C49 -> 56 | D51: =D50-D49 -> 103 | E51: =E50-E49 -> 181 | F51: =F50-F49 -> 207 | G51: =G50-G49 -> 455
B53: Liabilities
B55: ='Misc Input'!B111 -> ST Debt & Current Portion LT Debt | C55: ='Misc Input'!C111 -> 696 | D55: ='Misc Input'!D111 -> 777 | E55: ='Misc Input'!E111 -> 1094 | F55: ='Misc Input'!F111 -> 1913 | G55: ='Misc Input'!G111 -> 1572
B56: ='Misc Input'!B114 -> Accounts Payable | C56: ='Misc Input'!C114 -> 350 | D56: ='Misc Input'!D114 -> 363 | E56: ='Misc Input'!E114 -> 393 | F56: ='Misc Input'!F114 -> 714 | G56: ='Misc Input'!G114 -> 644
B57: ='Misc Input'!B116 -> Income Tax Payable | C57: ='Misc Input'!C116 -> 35 | D57: ='Misc Input'!D116 -> 29 | E57: ='Misc Input'!E116 -> 63 | F57: ='Misc Input'!F116 -> 73 | G57: ='Misc Input'!G116 -> 79
B58: ='Misc Input'!B117 -> Other Current Liabilities | C58: ='Misc Input'!C117 -> 499 | D58: ='Misc Input'!D117 -> 486 | E58: ='Misc Input'!E117 -> 698 | F58: ='Misc Input'!F117 -> 1023 | G58: ='Misc Input'!G117 -> 916
B59: Total Current Liabilities | C59: =SUM(C55:C58) -> 1580 | D59: =SUM(D55:D58) -> 1655 | E59: =SUM(E55:E58) -> 2248 | F59: =SUM(F55:F58) -> 3723 | G59: =SUM(G55:G58) -> 3211
B61: ='Misc Input'!B124 -> Long-Term Debt | C61: ='Misc Input'!C124 -> 1783 | D61: ='Misc Input'!D124 -> 1558 | E61: ='Misc Input'!E124 -> 1816 | F61: ='Misc Input'!F124 -> 2681 | G61: ='Misc Input'!G124 -> 2968
B62: ='Misc Input'!B127 -> Provision for Risks & Charges | C62: ='Misc Input'!C127 -> 248 | D62: ='Misc Input'!D127 -> 259 | E62: ='Misc Input'!E127 -> 282 | F62: ='Misc Input'!F127 -> 357 | G62: ='Misc Input'!G127 -> 496
B63: ='Misc Input'!B128 -> Deferred Taxes | C63: ='Misc Input'!C128 -> 188 | D63: ='Misc Input'!D128 -> 147 | E63: ='Misc Input'!E128 -> 128 | F63: ='Misc Input'!F128 -> 110 | G63: ='Misc Input'!G128 -> -199
B64: Total Non-Current Liabilities | C64: =SUM(C61:C63) -> 2219 | D64: =SUM(D61:D63) -> 1964 | E64: =SUM(E61:E63) -> 2226 | F64: =SUM(F61:F63) -> 3148 | G64: =SUM(G61:G63) -> 3265
B66: Total Liabilities | C66: =C59+C64 -> 3799 | D66: =D59+D64 -> 3619 | E66: =E59+E64 -> 4474 | F66: =F59+F64 -> 6871 | G66: =G59+G64 -> 6476
B67: Total Liabilities (Check) | C67: ='Misc Input'!C132 -> 3853 | D67: ='Misc Input'!D132 -> 3723 | E67: ='Misc Input'!E132 -> 4656 | F67: ='Misc Input'!F132 -> 7077 | G67: ='Misc Input'!G132 -> 6930
B68: Difference | C68: =C67-C66 -> 54 | D68: =D67-D66 -> 104 | E68: =E67-E66 -> 182 | F68: =F67-F66 -> 206 | G68: =G67-G66 -> 454
B70: Equity
B72: ='Misc Input'!B135 -> Common Equity (Total) | C72: =SUM(C73:C79) -> 7111 | D72: =SUM(D73:D79) -> 7534 | E72: =SUM(E73:E79) -> 7752 | F72: =SUM(F73:F79) -> 9667 | G72: =SUM(G73:G79) -> 10446
B73: - Common Stock Par/Carry Value | C73: ='Misc Input'!C136 -> 1068 | D73: ='Misc Input'!D136 -> 1068 | E73: ='Misc Input'!E136 -> 1068 | F73: ='Misc Input'!F136 -> 1068 | G73: ='Misc Input'!G136 -> 1068
B74: - Retained Earnings | C74: ='Misc Input'!C137 -> 4976 | D74: ='Misc Input'!D137 -> 5207 | E74: ='Misc Input'!E137 -> 5666 | F74: ='Misc Input'!F137 -> 6042 | G74: ='Misc Input'!G137 -> 7082
B75: - Cumulative Translation Adjustment/Unrealized For. Exch. Gain | C75: ='Misc Input'!C138 -> -78 | D75: ='Misc Input'!D138 -> -181 | E75: ='Misc Input'!E138 -> -334 | F75: ='Misc Input'!F138 -> 533 | G75: ='Misc Input'!G138 -> 443
B76: - Unrealized Gain/Loss Marketable Securities | C76: ='Misc Input'!C139 -> 12 | D76: ='Misc Input'!D139 -> 302 | E76: ='Misc Input'!E139 -> 211 | F76: ='Misc Input'!F139 -> 879 | G76: ='Misc Input'!G139 -> 702
B77: - Revaluation Reserves | C77: ='Misc Input'!C140 -> 81 | D77: ='Misc Input'!D140 -> 81 | E77: ='Misc Input'!E140 -> 79 | F77: ='Misc Input'!F140 -> 79 | G77: ='Misc Input'!G140 -> 79
B78: - Other Appropriated Reserves | C78: ='Misc Input'!C141 -> 1065 | D78: ='Misc Input'!D141 -> 1070 | E78: ='Misc Input'!E141 -> 1075 | F78: ='Misc Input'!F141 -> 1079 | G78: ='Misc Input'!G141 -> 1085
B79: - Treasury Stock | C79: ='Misc Input'!C142 -> -13 | D79: ='Misc Input'!D142 -> -13 | E79: ='Misc Input'!E142 -> -13 | F79: ='Misc Input'!F142 -> -13 | G79: ='Misc Input'!G142 -> -13
B80: ='Misc Input'!B146 -> Accumulated Minority Interest | C80: ='Misc Input'!C146 -> 398 | D80: ='Misc Input'!D146 -> 419 | E80: ='Misc Input'!E146 -> 431 | F80: ='Misc Input'!F146 -> 462 | G80: ='Misc Input'!G146 -> 843
B82: Total Equity | C82: =C72+C80 -> 7509 | D82: =D72+D80 -> 7953 | E82: =E72+E80 -> 8183 | F82: =F72+F80 -> 10129 | G82: =G72+G80 -> 11289
B83: Total Equity (Check) | C83: ='Misc Input'!C147 -> 7508 | D83: ='Misc Input'!D147 -> 7953 | E83: ='Misc Input'!E147 -> 8183 | F83: ='Misc Input'!F147 -> 10128 | G83: ='Misc Input'!G147 -> 11288
B84: Difference | C84: =C83-C82 -> -1 | D84: =D83-D82 -> 0 | E84: =E83-E82 -> 0 | F84: =F83-F82 -> -1 | G84: =G83-G82 -> -1
B86: ='Misc Input'!B133 -> Non-Equity Reserves | C86: ='Misc Input'!C133 -> 23 | D86: ='Misc Input'!D133 -> 72 | E86: ='Misc Input'!E133 -> 101 | F86: ='Misc Input'!F133 -> 113 | G86: ='Misc Input'!G133 -> 119
B88: Total Liab + SE | C88: =C66+C82+C86 -> 11331 | D88: =D66+D82+D86 -> 11644 | E88: =E66+E82+E86 -> 12758 | F88: =F66+F82+F86 -> 17113 | G88: =G66+G82+G86 -> 17884
B89: Total Asset | C89: =C49 -> 11327 | D89: =D49 -> 11645 | E89: =E49 -> 12760 | F89: =F49 -> 17111 | G89: =G49 -> 17882
B90: Difference | C90: =C89-C88 -> -4 | D90: =D89-D88 -> 1 | E90: =E89-E88 -> 2 | F90: =F89-F88 -> -2 | G90: =G89-G88 -> -2
B92: Cash Flow
C94: 2012 | D94: 2013 | E94: 2014 | F94: 2015 | G94: 2016 | K94: 2012 | L94: 2013 | M94: 2014 | N94: 2015 | O94: 2016
B95: ='Misc Input'!B151 -> Net Income before Extraordinaries | C95: ='Misc Input'!C151 -> 1400 | D95: ='Misc Input'!D151 -> 1200 | E95: ='Misc Input'!E151 -> 1318 | F95: ='Misc Input'!F151 -> 1135 | G95: ='Misc Input'!G151 -> 1712 | J95: Net Cash Flow | K95: =SUM(K96:K98) -> 725 | L95: =SUM(L96:L98) -> -590 | M95: =SUM(M96:M98) -> -439 | N95: =SUM(N96:N98) -> 603 | O95: =SUM(O96:O98) -> -1106
B96: ='Misc Input'!B153 -> Depreciation, Depletion & Amortization | C96: ='Misc Input'!C153 -> 262 | D96: ='Misc Input'!D153 -> 286 | E96: ='Misc Input'!E153 -> 336 | F96: ='Misc Input'!F153 -> 381 | G96: ='Misc Input'!G153 -> 442 | J96: - Operations | K96: =C100 -> 1700 | L96: =D100 -> 1292 | M96: =E100 -> 808 | N96: =F100 -> 577 | O96: =G100 -> 1408
B97: ='Misc Input'!B156 -> Other Funds | C97: ='Misc Input'!C156 -> -370 | D97: ='Misc Input'!D156 -> -334 | E97: ='Misc Input'!E156 -> -237 | F97: ='Misc Input'!F156 -> -357 | G97: ='Misc Input'!G156 -> -750 | J97: - Investing | K97: =C108 -> -457 | L97: =D108 -> -962 | M97: =E108 -> -1231 | N97: =F108 -> -849 | O97: =G108 -> -2030
B98: Funds from Operations | C98: =SUM(C95:C97) -> 1292 | D98: =SUM(D95:D97) -> 1152 | E98: =SUM(E95:E97) -> 1417 | F98: =SUM(F95:F97) -> 1159 | G98: =SUM(G95:G97) -> 1404 | J98: - Financing | K98: =C114 -> -518 | L98: =D114 -> -920 | M98: =E114 -> -16 | N98: =F114 -> 875 | O98: =G114 -> -484
B99: ='Misc Input'!B158 -> Changes in Working Capital | C99: ='Misc Input'!C158 -> 408 | D99: ='Misc Input'!D158 -> 140 | E99: ='Misc Input'!E158 -> -609 | F99: ='Misc Input'!F158 -> -582 | G99: ='Misc Input'!G158 -> 4 | J99: Cash and ST Inv | K99: =SUM(K100:K101) -> 2414 | L99: =SUM(L100:L101) -> 1771 | M99: =SUM(M100:M101) -> 1394 | N99: =SUM(N100:N101) -> 2422 | O99: =SUM(O100:O101) -> 2120
B100: Net Operating Cash Flow | C100: =SUM(C98:C99) -> 1700 | D100: =SUM(D98:D99) -> 1292 | E100: =SUM(E98:E99) -> 808 | F100: =SUM(F98:F99) -> 577 | G100: =SUM(G98:G99) -> 1408 | J100: - Cash | K100: =C33 -> 181 | L100: =D33 -> 1757 | M100: =E33 -> 1317 | N100: =F33 -> 2106 | O100: =G33 -> 989
J101: - ST Inv | K101: =C34 -> 2233 | L101: =D34 -> 14 | M101: =E34 -> 77 | N101: =F34 -> 316 | O101: =G34 -> 1131
B102: ='Misc Input'!B168 -> Capital Expenditures | C102: ='Misc Input'!C168 -> -853 | D102: ='Misc Input'!D168 -> -987 | E102: ='Misc Input'!E168 -> -984 | F102: ='Misc Input'!F168 -> -938 | G102: ='Misc Input'!G168 -> -1789 | J102: % Growth
B103: ='Misc Input'!B173 -> Net Assets from Acquisitions | C103: ='Misc Input'!C173 -> -5 | D103: ='Misc Input'!D173 -> -11 | E103: ='Misc Input'!E173 -> -132 | F103: ='Misc Input'!F173 -> -35 | G103: ='Misc Input'!G173 -> - | J103: - Operations | L103: =L96/K96 - 1 -> -0.24 | M103: =M96/L96 - 1 -> -0.374613 | N103: =N96/M96 - 1 -> -0.28589109 | O103: =O96/N96 - 1 -> 1.440208
B104: ='Misc Input'!B174 -> Sale of Fixed Assets & Businesses | C104: ='Misc Input'!C174 -> 5 | D104: ='Misc Input'!D174 -> 4 | E104: ='Misc Input'!E174 -> 20 | F104: ='Misc Input'!F174 -> 170 | G104: ='Misc Input'!G174 -> 1206 | J104: - Cash and ST | L104: =L99/K99 - 1 -> -0.26636288 | M104: =M99/L99 - 1 -> -0.21287408 | N104: =N99/M99 - 1 -> 0.7374462 | O104: =O99/N99 - 1 -> -0.12469034
B105: ='Misc Input'!B175 -> Purchase/Sale of Investments | C105: ='Misc Input'!C175 -> -7 | D105: ='Misc Input'!D175 -> 31 | E105: ='Misc Input'!E175 -> -133 | F105: ='Misc Input'!F175 -> -47 | G105: ='Misc Input'!G175 -> -391
B106: ='Misc Input'!B178 -> Other Uses | C106: ='Misc Input'!C178 -> - | D106: ='Misc Input'!D178 -> - | E106: ='Misc Input'!E178 -> -8 | F106: ='Misc Input'!F178 -> -24 | G106: ='Misc Input'!G178 -> -1098
B107: ='Misc Input'!B179 -> Other Sources | C107: ='Misc Input'!C179 -> 403 | D107: ='Misc Input'!D179 -> 1 | E107: ='Misc Input'!E179 -> 6 | F107: ='Misc Input'!F179 -> 25 | G107: ='Misc Input'!G179 -> 42
B108: Net Investing Cash Flow | C108: =SUM(C102:C107) -> -457 | D108: =SUM(D102:D107) -> -962 | E108: =SUM(E102:E107) -> -1231 | F108: =SUM(F102:F107) -> -849 | G108: =SUM(G102:G107) -> -2030
B110: ='Misc Input'!B185 -> Cash Dividends Paid - Total | C110: ='Misc Input'!C185 -> -905 | D110: ='Misc Input'!D185 -> -692 | E110: ='Misc Input'!E185 -> -532 | F110: ='Misc Input'!F185 -> -586 | G110: ='Misc Input'!G185 -> -479
B111: ='Misc Input'!B187 -> Change in Capital Stock | C111: ='Misc Input'!C187 -> - | D111: ='Misc Input'!D187 -> - | E111: ='Misc Input'!E187 -> 36 | F111: ='Misc Input'!F187 -> - | G111: ='Misc Input'!G187 -> -
B112: ='Misc Input'!B190 -> Issuance/Reduction of Debt, Net | C112: ='Misc Input'!C190 -> 454 | D112: ='Misc Input'!D190 -> -185 | E112: ='Misc Input'!E190 -> 578 | F112: ='Misc Input'!F190 -> 1533 | G112: ='Misc Input'!G190 -> 35
B113: ='Misc Input'!B195 -> Other Funds | C113: ='Misc Input'!C195 -> -67 | D113: ='Misc Input'!D195 -> -43 | E113: ='Misc Input'!E195 -> -98 | F113: ='Misc Input'!F195 -> -72 | G113: ='Misc Input'!G195 -> -40
B114: Net Financing Cash Flow | C114: =SUM(C110:C113) -> -518 | D114: =SUM(D110:D113) -> -920 | E114: =SUM(E110:E113) -> -16 | F114: =SUM(F110:F113) -> 875 | G114: =SUM(G110:G113) -> -484
B116: ='Misc Input'!B201 -> Exchange Rate Effect | C116: 0 | D116: 0 | E116: 0 | F116: ='Misc Input'!F201 -> 184 | G116: ='Misc Input'!G201 -> -8
B117: Net Cash Flow | C117: =C100+C108+C114+C116 -> 725 | D117: =D100+D108+D114+D116 -> -590 | E117: =E100+E108+E114+E116 -> -439 | F117: =F100+F108+F114+F116 -> 787 | G117: =G100+G108+G114+G116 -> -1114
B118: Free Cash Flow | C118: ='Misc Input'!C204 -> 847 | D118: ='Misc Input'!D204 -> 305 | E118: ='Misc Input'!E204 -> -156 | F118: ='Misc Input'!F204 -> -361 | G118: ='Misc Input'!G204 -> -375
B122: Margin Analysis
C123: 2012 | D123: 2013 | E123: 2014 | F123: 2015 | G123: 2016
...
